 Dungeon Crawl Stone Soup version 0.25.0-1-g7eea58d2a3 (webtiles) character file.

Game seed: 6980229018533871631

1457794 inmateoo the Infernalist (level 27, -4/319 HPs)
             Began as an Octopode Venom Mage on June 14, 2020.
             Was the Champion of Makhleb.
             Killed by divine providence
             ... invoked by Khufu
              (7 damage)
             ... on level 3 of the Tomb of the Ancients on June 15, 2020.
             The game lasted 06:59:18 (115583 turns).

inmateoo the Infernalist (Octopode Venom Mage)    Turns: 115583, Time: 06:59:19

Health: -4/319     AC: 34    Str: 12    XL:     27
Magic:  42/81      EV: 34    Int: 45    God:    Makhleb [******]
Gold:   10676      SH: 10    Dex: 25    Spells: 0/80 levels left

rFire    + + +     SeeInvis +     - Unarmed
rCold    + + +     Gourm    .   A - +4 buckler of Gestures {rPois rC+ rN+}
rNeg     + + +     Faith    .   O - +2 hat of Hedonism {MP+9 Dex+3}
rPois    ∞         Spirit   .   u - amulet of Nihilism {Acrobat rElec rF+}
rElec    +         Reflect  .   B - ring of wizardry
rCorr    .         Harm     .   M - ring of Jazxudunu {*Contam rN+ Int+6 Dex+2 SInv}
MR       ++++.                  w - ring of the Hart {rElec MP+9 SInv}
Stlth    +++.......             q - ring of the Modern Thickets {rF+ Str+4 Dex+6}
HPRegen  0.63/turn              V - ring "Wodangol" {+Fly rC++ Slay+5 Stlth+}
MPRegen  0.47/turn              I - ring of fire
                                j - ring "Requrap" {rC+ MR+ Int+6}
                                P - ring "Ustria" {+Inv MP+9 Int+5 Stlth+}

@: about to teleport, statue-form, slowed, lightly drained, very slow
A: almost no armour, stealthy swim, amphibious, 8 rings, constrict 8, camouflage
1, magic resistance 1, robust 1, screaming 1
0: Orb of Zot
}: 14/15 runes: serpentine, barnacled, slimy, silver, iron, obsidian, icy, bone,
abyssal, demonic, glowing, magical, fiery, dark
a: End Transformation, Minor Destruction, Lesser Servant of Makhleb, Major
Destruction, Greater Servant of Makhleb, Renounce Religion, Evoke Invisibility,
Evoke Flight


You were on level 3 of the Tomb of the Ancients.
You worshipped Makhleb.
Makhleb was exalted by your worship.
You were very full.
You were a stone statue.
You visited 17 branches of the dungeon, and saw 89 of its levels.
You visited Pandemonium 1 time, and saw 19 of its levels.
You visited the Abyss 5 times.
You visited 2 bazaars.
You completed 1 ziggurat, and saw 27 of its levels.
You also visited: Trove, Volcano and Wizlab.

You collected 16796 gold pieces.
You spent 6120 gold pieces at shops.

Inventory:

Hand Weapons
 a - the +7 dagger "Xefyvam" {pain, rElec Int+6}
   (You bought it in a shop on level 7 of the Dungeon)

   In the hands of one skilled in necromantic magic, it inflicts extra damage on
   living creatures.
   It affects your intelligence (+6).
   It insulates you from electricity.
 k - the +9 staff of Wucad Mu {channel}
   (You found it on level 5 of the Pits of Slime)
Armour
 A - the +4 buckler of Gestures (worn) {rPois rC+ rN+}
   (You found it on level 18 of a ziggurat)

   It protects you from cold.
   It protects you from poison.
   It protects you from negative energy.
 O - the +2 hat of Hedonism (worn) {MP+9 Dex+3}
   (You acquired it on level 3 of the Abyss)

   It affects your dexterity (+3).
   It affects your magic capacity (+9).
Magical Staves
 b - an uncursed staff of energy
 m - an uncursed staff of fire
 x - an uncursed staff of wizardry
Jewellery
 g - the ring of Jupnomm {rN+ Str+3 Dex+5}
   (You found it in Pandemonium)

   [ring of positive energy]

   It affects your strength (+3).
   It affects your dexterity (+5).
   It protects you from negative energy.
 j - the ring "Requrap" (on tentacle) {rC+ MR+ Int+6}
   (You found it on level 17 of a ziggurat)

   [ring of intelligence]

   It affects your intelligence (+6).
   It protects you from cold.
   It affects your resistance to hostile enchantments.
 q - the ring of the Modern Thickets (on tentacle) {rF+ Str+4 Dex+6}
   (You found it on level 11 of a ziggurat)

   [ring of dexterity]

   It affects your strength (+4).
   It affects your dexterity (+6).
   It protects you from fire.
 u - the amulet of Nihilism (around mantle) {Acrobat rElec rF+}
   (You found it on level 24 of a ziggurat)

   [amulet of the acrobat]

   It helps you evade while moving and waiting.
   It protects you from fire.
   It insulates you from electricity.
 w - the ring of the Hart (on tentacle) {rElec MP+9 SInv}
   (You found it in Pandemonium)

   [ring of magical power]

   It insulates you from electricity.
   It affects your magic capacity (+9).
   It lets you see invisible.
 z - an uncursed ring of resist corrosion
 B - a ring of wizardry (left tentacle)
 I - a ring of fire (on tentacle)
 L - a ring of the Octopus King {rN+ AC+1 EV+1 Str+1 Int+1 Dex+1}
   (You found it on level 10 of a ziggurat)

   [ring of positive energy]

   It affects your AC (+1).
   It affects your evasion (+1).
   It affects your strength (+1).
   It affects your intelligence (+1).
   It affects your dexterity (+1).
   It protects you from negative energy.
 M - the ring of Jazxudunu (right tentacle) {*Contam rN+ Int+6 Dex+2 SInv}
   (You found it on level 19 of a ziggurat)

   [ring of intelligence]

   It affects your intelligence (+6).
   It affects your dexterity (+2).
   It protects you from negative energy.
   It lets you see invisible.
   It causes magical contamination when unequipped.
 P - the ring "Ustria" (on tentacle) {+Inv MP+9 Int+5 Stlth+}
   (You found it on level 5 of the Pits of Slime)

   [ring of stealth]

   It affects your intelligence (+5).
   It affects your magic capacity (+9).
   It lets you turn invisible.
   It makes you more stealthy.
 R - an uncursed ring of protection from magic
 S - the ring of the Omega Point {rPois rC+ MR+}
   (You found it on level 1 of the Crypt)

   [ring of protection from magic]

   It protects you from cold.
   It protects you from poison.
   It affects your resistance to hostile enchantments.
 V - the ring "Wodangol" (on tentacle) {+Fly rC++ Slay+5 Stlth+}
   (You found it on level 4 of the Shoals)

   [ring of stealth]

   It affects your accuracy and damage with ranged weapons and melee attacks
   (+5).
   It greatly protects you from cold.
   It lets you fly.
   It makes you more stealthy.
Wands
 l - a wand of iceblast (79)
 o - a wand of digging (11)
 F - a wand of paralysis (23)
 K - a wand of clouds (12)
 X - a wand of acid (22)
Scrolls
 c - 28 scrolls of teleportation
 e - 9 scrolls of fear
 f - 3 scrolls of holy word
 s - 30 scrolls of fog
 v - 56 scrolls of remove curse
 y - 12 scrolls of identify
 J - a scroll of silence
 Q - 10 scrolls of magic mapping
 T - 14 scrolls of blinking
 U - a scroll of summoning
 W - 6 scrolls of amnesia
Potions
 d - 10 potions of might
 i - 20 potions of heal wounds
 n - 13 potions of curing
 p - 9 potions of brilliance
 r - 5 potions of ambrosia
 t - 16 potions of haste
 G - 3 potions of resistance
 H - 5 potions of magic
 Y - 19 potions of mutation
 Z - a potion of cancellation
Miscellaneous
 C - 21 boxes of beasts
 D - a tin of tremorstones (3/3)
 N - a +1 figurine of a ziggurat
Comestibles
 h - 40 rations


   Skills:
 O Level 27(26.9) Fighting
 * Level 21.9(21.8) Dodging
 - Level 7.0(6.9) Stealth
 - Level 4.0(3.9) Shields
 * Level 23.7(23.6) Unarmed Combat
 O Level 27(26.9) Spellcasting
 - Level 17.0(16.9) Conjurations
 - Level 16.0(15.9) Translocations
 - Level 8.0(7.9) Transmutations
 O Level 27(26.9) Fire Magic
 - Level 20.0(19.9) Ice Magic
 O Level 27(26.9) Air Magic
 * Level 13.7(13.6) Earth Magic
 - Level 12.0(11.9) Poison Magic
 O Level 27(26.9) Evocations


You couldn't memorise any spells.
You knew the following spells:

 Your Spells              Type           Power        Failure   Level  Hunger
a - Statue Form           Tmut/Erth      ########.    1%          6    None
b - Poisonous Vapours     Pois/Air       ######       0%          2    None
c - Passwall              Tmut/Erth      ########     0%          2    None
d - Ignition              Fire           #########.   0%          8    None
e - Olgreb's Toxic Radia  Pois           ########     0%          4    None
f - Controlled Blink      Tloc           N/A          1%          8    None
g - Airstrike             Air            ########..   0%          4    None
h - Iron Shot             Conj/Erth      ########..   1%          6    None
i - Lehudib's Crystal Sp  Conj/Erth      ########..   1%          8    None
j - Absolute Zero         Ice            ########..   2%          9    None
k - Fire Storm            Conj/Fire      #########.   1%          9    None
l - Shroud of Golubria    Chrm/Tloc      ######       0%          2    None
m - Apportation           Tloc           ######       0%          1    None
n - Tornado               Air            ########..   1%          9    None
o - Swiftness             Chrm/Air       ########     0%          2    None

Your spell library contained the following spells:

 Spells                   Type           Power        Failure   Level  Hunger
 Beastly Appendage        Tmut           ######       0%          1    None
 Foxfire                  Conj/Fire      ####         0%          1    None
 Freeze                   Ice            ####         0%          1    None
 Magic Dart               Conj           ####         0%          1    None
 Sandblast                Erth           ######       0%          1    None
 Shock                    Conj/Air       ####         0%          1    None
 Sting                    Tmut/Pois      ####         0%          1    None
 Blink                    Tloc           N/A          0%          2    None
 Corpse Rot               Necr/Air       N/A          0%          2    None
 Ensorcelled Hibernation  Hex/Ice        ######       0%          2    None
 Searing Ray              Conj           ######       0%          2    None
 Conjure Flame            Conj/Fire      ########     0%          3    None
 Dazzling Flash           Conj/Hex       ######       0%          3    None
 Frozen Ramparts          Ice            ######       0%          3    None
 Gell's Gravitas          Tloc           ########..   0%          3    None
 Ignite Poison            Fire/Tmut/Pois ########     0%          3    None
 Inner Flame              Hex/Fire       ########     0%          3    None
 Lesser Beckoning         Tloc           ########..   0%          3    None
 Mephitic Cloud           Conj/Pois/Air  ########     0%          3    None
 Ozocubu's Armour         Chrm/Ice       ########     0%          3    None
 Spider Form              Tmut/Pois      #######...   0%          3    None
 Static Discharge         Conj/Air       ########     0%          3    None
 Stone Arrow              Conj/Erth      ######       0%          3    None
 Teleport Other           Tloc           ########     0%          3    None
 Hailstorm                Conj/Ice       ########     0%          4    None
 Ice Form                 Ice/Tmut       ########     0%          4    None
 Iskenderun's Mystic Bla  Conj/Tloc      ########     0%          4    None
 Sticky Flame             Conj/Fire      ########     0%          4    None
 Bolt of Magma            Conj/Fire/Erth ########..   0%          5    None
 Fireball                 Conj/Fire      #########.   0%          5    None
 Lee's Rapid Deconstruct  Erth           ########..   0%          5    None
 Lightning Bolt           Conj/Air       ########..   0%          5    None
 Conjure Ball Lightning   Conj/Air       ########..   0%          6    None
 Freezing Cloud           Conj/Ice/Air   ########..   0%          6    None
 Ozocubu's Refrigeration  Ice            ########..   0%          6    None
 Starburst                Conj/Fire      #########.   0%          6    None
 Animate Skeleton         Necr           N/A          1%          1    None
 Corona                   Hex            ######.      1%          1    None
 Infusion                 Chrm           ####         1%          1    None
 Pain                     Necr           ####         1%          1    None
 Summon Butterflies       Summ           ######..     1%          1    None
 Summon Small Mammal      Summ           ####         1%          1    None
 Call Imp                 Summ           ######..     1%          2    None
 Slow                     Hex            ######..     1%          2    None
 Song of Slaying          Chrm           ######..     1%          2    None
 Sublimation of Blood     Necr           ######....   1%          2    None
 Call Canine Familiar     Summ           ######..     1%          3    None
 Confusing Touch          Hex            ######..     1%          3    None
 Portal Projectile        Hex/Tloc       ######       1%          3    None
 Recall                   Summ/Tloc      N/A          1%          3    None
 Spectral Weapon          Hex/Chrm       ######..     1%          3    None
 Summon Guardian Golem    Hex/Summ       ######..     1%          3    None
 Tukima's Dance           Hex            ######..     1%          3    None
 Vampiric Draining        Necr           ######....   1%          3    None
 Animate Dead             Necr           N/A          1%          4    None
 Cause Fear               Hex            ######....   1%          4    None
 Dispel Undead            Necr           ######..     1%          4    None
 Fulminant Prism          Conj/Hex       #######...   1%          4    None
 Leda's Liquefaction      Hex/Erth       #######...   1%          4    None
 Petrify                  Tmut/Erth      ########     1%          4    None
 Summon Ice Beast         Ice/Summ       ########     1%          4    None
 Alistair's Intoxication  Tmut/Pois      #######.     1%          5    None
 Borgnjor's Vile Clutch   Necr/Erth      #######...   1%          5    None
 Irradiate                Conj/Tmut      ########..   1%          5    None
 Iskenderun's Battlesphe  Conj/Chrm      #######.     1%          5    None
 Metabolic Englaciation   Hex/Ice        ########..   1%          5    None
 Silence                  Hex/Air        ########..   1%          5    None
 Summon Forest            Summ/Tloc      #######...   1%          5    None
 Yara's Violent Unravell  Hex/Tmut       #######...   1%          5    None
 Dispersal                Tloc           ########..   1%          6    None
 Eringya's Noxious Bog    Tmut/Pois      #######...   1%          6    None
 Hydra Form               Tmut           #######...   1%          6    None
 Simulacrum               Ice/Necr       ########..   1%          6    None
 Orb of Destruction       Conj           ########..   1%          7    None
 Ring of Flames           Chrm/Fire      ########..   1%          7    None
 Chain Lightning          Conj/Air       ########..   1%          8    None
 Disjunction              Tloc           ########..   1%          8    None
 Agony                    Necr           ######..     2%          5    None
 Aura of Abjuration       Summ           ######....   2%          5    None
 Excruciating Wounds      Chrm/Necr      ######....   2%          5    None
 Summon Demon             Summ           ######....   2%          5    None
 Summon Mana Viper        Hex/Summ       ######..     2%          5    None
 Spellforged Servitor     Conj/Summ      #######...   2%          7    None
 Dragon Form              Tmut           #######...   3%          7    None
 Darkness                 Hex            ######....   14%         6    None
 Death Channel            Necr           ######....   14%         6    None
 Invisibility             Hex            ######..     14%         6    None
 Shadow Creatures         Summ           N/A          14%         6    None
 Shatter                  Erth           ########..   32%         9    None
 Haunt                    Necr/Summ      ######....   56%         7    None
 Summon Hydra             Summ           ######....   56%         7    None
 Necromutation            Tmut/Necr      #######...   71%         8    None
 Borgnjor's Revivificati  Necr           ######....   99%         8    None
 Death's Door             Chrm/Necr      ######....   99%         8    None
 Discord                  Hex            ######....   99%         8    None
 Infestation              Necr           ######....   99%         8    None
 Dragon's Call            Summ           ######....   100%        9    None
 Passage of Golubria      Tloc           Unusable     N/A         4    N/A

Dungeon Overview and Level Annotations

Branches:
Dungeon (15/15)            Temple (0/1) D:4            Lair (6/6) D:11
 Shoals (4/4) Lair:3        Snake (4/4) Lair:2        Slime (5/5) Lair:5
    Orc (2/2) D:10            Elf (3/3) Orc:2        Vaults (5/5) D:13
  Crypt (3/3) Vaults:3       Tomb (3/3) Crypt:3      Depths (5/5) D:15
   Hell (visited)             Dis (7/7) Hell            Geh (7/7) Hell
    Coc (7/7) Hell            Tar (7/7) Hell            Zot (5/5) Depths:5
Volcano (visited)          WizLab (visited)

Altars:
Ashenzari
Cheibriados
Dithmenos
Elyvilon
Fedhas
Gozag
Kikubaaqudgha
Makhleb
Nemelex Xobeh
Okawaru
Qazlal
Ru
Trog
Vehumet
Wu Jian
Xom
Yredelemnul
Beogh

Shops:
D:7 *(**   D:8 :   D:11 !}   D:13 !   Orc:1 }   Orc:2 ??(!   Elf:1 *[?
Depths:3 ?(?!(

Portals:
Hell: Depths:1 Depths:2 Depths:3 Depths:4 Depths:5
Abyss: Depths:1 Depths:4
Pandemonium: Depths:3

Annotations:
Lair:1 2 transporters, Tungsten's ghost, journeyman MfIE
Snake:4 1 runed translucent door, sentinel's ghost, journeyman DDMo
Elf:2 3 runed translucent doors
Elf:3 1 exclusion
Vaults:1 3 runed translucent doors, exclusion: 3 doors, Bailed's ghost, veteran MiMo
Tomb:3 Khufu
Coc:7 exclusion: ice statue


Innate Abilities, Weirdness & Mutations

You cannot wear most types of armour.
You are very stealthy in the water. (Stealth+)
You are amphibious.
You can wear up to eight rings at the same time.
You can use your tentacles to constrict eight enemies at once.
Your skin changes colour to match your surroundings (Stealth+).
((Your rubbery body absorbs attacks. (AC +1, EV +1)))
((You are partially covered in thin metallic scales. (AC +2)))
You are resistant to hostile enchantments. (MR+)
You are robust. (+10% HP)
You occasionally shout uncontrollably at your foes.


Message History

The bennu misses you. The bennu completely misses you.
The death scarab completely misses you. The bennu completely misses you.
The bennu claws you but does no damage. The bennu completely misses you.
Khufu gestures at you while chanting. Something smites you!
* * * LOW HITPOINT WARNING * * *
The death scarab closely misses you. The greater mummy casts a spell at you.
Something smites you!
* * * LOW HITPOINT WARNING * * *
The ancient lich completely misses you.
A guardian mummy comes into view. x2
The bennu misses you. The bennu barely misses you. x2
The bennu pecks you but does no damage. The bennu completely misses you.
The bennu closely misses you.
The greater mummy mumbles some strange words.
The death scarab completely misses you. Khufu gestures at you while chanting.
Something smites you!
You die...

#§.....#
#......# ..$
#......# .. .
#......#..
..#......#.
..'.z...2'
#...M..#
#..zbb.#
#^.zs8s#
#...bsL#
#........#
#...M).M...#
.........../#
.ZMsMM..†M)).#
........zM....#
.M...)....M...#


You could see Khufu, 2 greater mummies, an emperor scorpion (summoned), an
ancient lich (fast), a lorocyproca (invisible), 3 bennus, a mummy priest, a
skeletal warrior, 5 guardian mummies, 3 death scarabs, 3 flying skulls, a mummy
and a quicksilver dragon zombie.

Vanquished Creatures
  Cerebov (Pan)
  Antaeus (Coc:7)
  Asmodeus (Geh:7)
  Ereshkigal (Tar:7)
  the Royal Jelly (Slime:5)
  Gloorx Vloq (Pan)
  Lom Lobon (Pan)
  the Serpent of Hell (Coc:7)
  The ghost of Glorfindel the Meteorologist, a legendary BaAE of Gozag (Zig:14)
  Dispater (Dis:7)
  Mnoleg (Pan)
  6 pandemonium lords
  Mennas (Pan)
  15 ancient liches
  Mara (Depths:2)
  5 orbs of fire
  8 juggernauts
  22 greater mummies
  15 shard shrikes
  10 Killer Klowns
  Saint Roka (Depths:2)
  Xtahua (Vaults:3)
  21 caustic shrikes
  3 curse toes
  Geryon (Hell)
  30 golden dragons
  The ghost of DDFiAutism the Executioner, an adept DDFi of Makhleb (Zig:14)
  2 profane servitors
  Jory (Crypt:3)
  16 bone dragons
  27 Tzitzimimeh
  22 Brimstone Fiends
  7 electric golems
  16 liches
  5 doom hounds
  The ghost of p0werm0de the Champion of Chaos, an adept DDFi of Makhleb (Zig:14)
  14 iron giants
  Rupert (D:13)
  17 tentacled monstrosities
  26 Orb Guardians
  15 Hell Sentinels
  11 deep elf blademasters
  Asterion (Depths:2)
  6 hellephants (Zig:26)
  23 Ice Fiends
  18 titans
  21 acid blobs
  13 quicksilver dragons
  17 deep elf master archers
  Polyphemus (Shoals:4)
  8 death cobs
  28 Executioners
  15 ancient champions
  Murray (Depths:1)
  A kraken (Shoals:4)
  9 tengu reavers
  11 sphinxes
  4 tentacled starspawn
  2 thorn hunters (Zig:25)
  26 storm dragons
  9 draconian monks
  42 nagarajas
  5 revenants
  24 shadow dragons
  Donald (Elf:1)
  13 azure jellies
  Kirke (Lair:6)
  5 blood saints (Pan)
  4 ghost moths
  15 frost giants
  22 iron dragons
  14 fire giants
  11 black suns
  24 vault wardens
  17 corrupters (Pan)
  10 deep elf sorcerers
  7 draconian scorchers
  9 draconian knights
  Louise (Elf:1)
  17 cacodemons
  6 draconian shifters
  7 orc warlords (Zig:16)
  6 curse skulls
  2 draconian stormcallers
  7 warmongers
  An angel (Pan)
  34 balrugs
  Aizul (Vaults:3)
  6 ghouls
  4 spriggan defenders (Depths:3)
  A juggernaut zombie (Zig:19)
  16 war gargoyles
  5 elemental wellsprings
  5 deep elf elementalists
  79 reapers
  A juggernaut skeleton (D:15)
  20 ironheart preservers
  43 stone giants
  A caustic shrike skeleton (Zig:20)
  28 very ugly things
  10 draconian annihilators
  21 deep elf demonologists
  Nessos (Lair:6)
  10 bennus
  9 vampire knights
  8 entropy weavers
  13 yellow draconians
  Azrael (Elf:2)
  11 green draconians
  21 purple draconians
  A spark wasp (shapeshifter) (Zig:22)
  24 deep elf annihilators
  13 black draconians
  11 spark wasps
  2 lorocyprocas
  11 dire elephants
  12 white draconians
  7 red draconians
  18 merfolk javelineers
  26 mummy priests
  12 deep elf death magi
  8 statues (WizLab)
  12 eidola
  14 ettins
  18 fire dragons
  28 blizzard demons
  11 jiangshi
  6 crystal guardians
  10 merfolk impalers
  7 quicksilver dragon zombies
  31 green deaths
  9 death oozes
  Erolcha (D:9)
  14 deep elf high priests
  36 ice dragons
  11 rakshasas
  34 naga warriors
  18 yaktaur captains
  10 hell beasts
  6 monstrous demonspawn
  36 vault guards
  3 ghost crabs
  15 great orbs of eyes
  6 quicksilver dragon skeletons
  22 hydras
  13 centaur warriors
  3 merfolk avatars
  6 shambling mangroves (Zig:25)
  11 catoblepae
  15 ogre magi
  12 merfolk aquamancers
  2 spriggan air magi
  5 alligator snapping turtles
  5 death knights
  32 dancing weapons
  13 vampire magi
  9 anacondas
  39 two-headed ogres
  23 hell hogs
  20 death yaks
  A queen ant (shapeshifter) (D:14)
  12 tengu warriors
  3 deep troll shamans
  55 death scarabs
  6 deep troll earth magi
  3 satyrs
  21 naga sharpshooters
  14 orc high priests
  11 spriggan berserkers
  9 thrashing horrors
  21 shock serpents
  45 sun demons
  11 titan zombies
  11 hell knights
  34 soul eaters
  27 deep elf knights
  4 iron golems
  13 shadow wraiths
  2 wretched stars
  6 titan skeletons
  21 sixfirhies
  127 skeletal warriors
  7 golden dragon zombies
  7 storm dragon zombies
  A death drake (shapeshifter) (Vaults:5)
  18 death drakes
  4 iron trolls
  A spark wasp zombie (Zig:10)
  2 fire crabs (Zig:5)
  25 deep trolls
  2 salamander mystics (Snake:4)
  21 sea snakes
  11 naga ritualists
  9 storm dragon skeletons
  7 gelid demonspawn
  A cherub (Tomb:1)
  10 swamp dragons
  An unseen horror (shapeshifter) (Depths:4)
  23 unseen horrors
  A sea snake (shapeshifter) (Zig:22)
  A deep troll (shapeshifter) (Depths:5)
  10 wizards
  3 ghost moth zombies
  9 glowing orange brains
  4 golden dragon skeletons
  22 ironbrand convokers
  7 torturous demonspawn (Pan)
  2 spriggan druids
  8 infernal demonspawn (Pan)
  2 orange crystal statues (Abyss:3)
  17 anaconda zombies
  16 flayed ghosts
  12 orc knights
  20 shadow demons
  8 necromancers
  A lindwurm (Lair:2)
  8 iron dragon zombies
  A glowing orange brain (shapeshifter) (Zig:22)
  8 shadow dragon zombies
  21 deep elf archers
  7 wolf spider zombies
  19 cyclopes
  10 wolf spiders
  12 anaconda skeletons
  An orb spider (Zig:2)
  Pikel (D:8)
  87 deep elf magi
  61 harpies
  7 shadow dragon skeletons
  24 phantasmal warriors
  8 orc sorcerers
  7 fire giant zombies
  13 manticores
  17 mana vipers
  29 ugly things
  An oklob plant (Zig:26)
  19 fauns
  3 human zombies
  A shining eye (shapeshifter) (Zig:22)
  9 frost giant zombies
  A manticore (shapeshifter) (Vaults:3)
  5 stone giant zombies
  37 moths of wrath
  6 frost giant skeletons
  11 stone giant skeletons
  12 salamanders
  3 worldbinders
  9 iron dragon skeletons
  3 shining eyes
  An elephant (shapeshifter) (Depths:1)
  17 merfolk sirens
  An eye of devastation (shapeshifter) (Vaults:5)
  14 fire giant skeletons
  22 guardian serpents
  17 vault sentinels
  8 water nymphs
  64 rust devils
  71 black mambas
  A black mamba (shapeshifter) (Depths:4)
  6 eyes of devastation
  2 ice statues
  25 orange demons
  8 dire elephant zombies
  2 water nymphs (shapeshifter)
  3 elephants (Zig:26)
  6 human skeletons
  8 molten gargoyles
  5 shock serpent skeletons
  35 naga magi
  Maggie (D:6)
  39 smoke demons
  9 gargoyles
  5 torpor snails
  8 efreet
  3 dire elephant skeletons
  35 hellions
  17 spiny frogs
  4 centaur skeletons
  74 yaktaurs
  13 rime drakes
  54 freezing wraiths
  2 iron troll zombies (Dis:5)
  13 komodo dragons
  A komodo dragon (shapeshifter) (Vaults:2)
  An emperor scorpion zombie (Dis:1)
  5 demonic crawlers (Pan)
  6 ancient zymes
  2 minotaur skeletons
  42 tormentors
  53 ice devils
  15 hydra zombies
  52 guardian mummies
  3 catoblepas skeletons
  A silent spectre (Abyss:3)
  24 hellwings
  4 trolls (shapeshifter)
  3 jumping spiders (shapeshifter)
  51 red devils
  63 merfolk
  3 polar bears
  A meliai (shapeshifter) (Depths:4)
  4 tengu conjurers
  10 trolls
  3 harpy zombies
  8 hydra skeletons
  A tyrant leech (Zig:25)
  16 hornets
  Prince Ribbit (D:8)
  18 blink frogs
  A blink frog (shapeshifter) (Vaults:5)
  10 wind drakes
  A hornet (shapeshifter) (Depths:2)
  3 raiju (Abyss:2)
  A wind drake (shapeshifter) (Depths:4)
  5 ettin zombies
  12 dream sheep
  7 ice dragon zombies
  168 slime creatures
  5 bog bodies (Coc:7)
  20 snapping turtles
  10 hippogriffs
  9 alligator zombies
  3 hippogriffs (shapeshifter)
  2 harpy skeletons
  A stone giant simulacrum (Coc:7)
  A guardian serpent skeleton (Crypt:3)
  A redback (shapeshifter) (Zig:22)
  173 flying skulls
  11 redbacks
  2 alligator skeletons
  6 fire dragon zombies
  11 spriggans
  26 ynoxinuls
  4 vampires (Crypt:3)
  42 yaks
  19 ushabtiu
  6 fire dragon skeletons
  42 wraiths
  53 water elementals
  2 black mamba zombies
  42 shadows
  A tarantella (shapeshifter) (Depths:1)
  3 ettin skeletons
  8 ice dragon skeletons
  9 air elementals
  3 wyverns
  2 dire elephant simulacra
  A yak (shapeshifter) (Vaults:1)
  43 large abominations
  A black mamba skeleton (Tar:7)
  4 fire bats (Geh:7)
  A basilisk (shapeshifter) (Elf:1)
  32 fire elementals
  4 steam dragons
  Grum (D:8)
  7 hungry ghosts
  Eustachio (D:6)
  A golden eye (shapeshifter) (Depths:4)
  13 golden eyes
  5 hogs (Lair:6)
  3 elf skeletons
  A minotaur simulacrum (Coc:5)
  27 neqoxecs
  A yaktaur simulacrum (Vaults:4)
  A basilisk (Lair:4)
  20 chaos spawn
  13 wargs
  11 vampire mosquitoes
  78 nagas
  2 merfolk zombies
  7 insubstantial wisps
  A naga (shapeshifter) (Vaults:3)
  A two-headed ogre zombie (Crypt:2)
  A harpy simulacrum (Tar:4)
  A soldier ant (shapeshifter) (Vaults:4)
  11 acid dragons
  23 water moccasins
  A water nymph skeleton (Crypt:2)
  Duvessa (D:4)
  4 floating eyes
  65 hell hounds
  A hydra simulacrum (Hell)
  11 spiny frog zombies
  A black bear (shapeshifter) (Depths:2)
  9 swamp drakes
  4 porcupines
  7 manticore zombies
  2 sky beasts
  An alligator simulacrum (Coc:7)
  A black bear (D:9)
  32 orc warriors
  An eye of draining (shapeshifter) (Depths:1)
  24 necrophages
  10 spiny frog skeletons
  An ettin simulacrum (Vaults:2)
  9 eyes of draining
  11 ice beasts
  6 snapping turtle zombies
  25 centaurs
  4 slaves (D:8)
  40 ogres
  7 phantoms
  3 swamp dragon zombies
  2 tengu (shapeshifter)
  6 snapping turtle skeletons
  9 boggarts
  A torpor snail zombie (Crypt:2)
  17 wolves
  2 manticore skeletons
  A hog skeleton (Crypt:1)
  A swamp dragon skeleton (Geh:6)
  4 elf zombies
  3 big kobolds
  23 crocodiles
  16 bullfrogs
  A wyvern zombie (D:14)
  A gnoll sergeant (D:8)
  6 earth elementals
  2 spiny frog simulacra
  Dowan (D:4)
  4 scorpions
  A wyvern skeleton (D:6)
  An elf simulacrum (Vaults:3)
  23 killer bees
  A raiju zombie (Crypt:3)
  A troll zombie (Hell)
  2 spriggan zombies
  92 wights
  4 spriggan skeletons
  3 electric eels
  5 howler monkeys
  A bullfrog zombie (D:7)
  31 crimson imps
  2 human simulacra (Vaults:2)
  3 centaur zombies
  3 quasits
  A demonspawn zombie (Crypt:1)
  11 starcursed masses
  11 hounds
  3 jellies
  41 orc priests
  A black bear skeleton (Crypt:2)
  25 iron imps
  2 bullfrog skeletons
  6 iguanas
  29 orc wizards
  3 hell rats (Lair:6)
  10 worker ants
  Terence (D:3)
  A demigod zombie (Crypt:1)
  11 small abominations
  2 tengu zombies
  A deep dwarf zombie (Crypt:3)
  2 naga zombies
  An ogre skeleton (Geh:3)
  A hound zombie (D:9)
  70 mummies
  3 worker ant zombies
  Robin (D:4)
  10 adders
  3 gnolls (D:8)
  4 river rats (Lair:6)
  14 shadow imps
  12 white imps
  2 oozes
  An adder skeleton (D:4)
  A halfling skeleton (Crypt:2)
  4 worms
  2 dart slugs
  3 leopard geckos
  91 orcs
  10 bats
  7 giant cockroaches
  15 goblins
  8 hobgoblins
  9 jackals
  3 quokkas
  5 frilled lizards
  2 jackal skeletons
  7 kobolds
  A kobold zombie (Geh:1)
  A leopard gecko skeleton (D:6)
  2 orc zombies
  A quokka skeleton (D:6)
  A quokka zombie (D:6)
  13 rats
  35 blocks of ice
  16 butterflies (Tar:4)
  8 crawling corpses
  10 fire vortices
  A fungus (Lair:3)
  4 plants
  11 starspawn tentacles
  A tentacle (Shoals:4)
6223 creatures vanquished.

Vanquished Creatures (collateral kills)
  A caustic shrike (Depths:3)
  A doom hound (Tar:3)
  A lich (Depths:2)
  A fire giant (D:15)
  An azure jelly (Slime:5)
  A ghost moth (Zot:4)
  A very ugly thing (Depths:4)
  A white draconian (Zot:4)
  A deep elf death mage (Zig:14)
  A statue (WizLab)
  A deep elf high priest (Depths:3)
  A hydra (D:8)
  A wretched star (Abyss:4)
  A tormentor (Dis:2)
  A naga (Snake:4)
  A swamp dragon zombie (Tar:3)
  An orc warrior (Zig:7)
  A large abomination (Abyss:4)
  A big kobold (D:8)
  2 wights
  A mummy (Dis:2)
22 creatures vanquished.

Vanquished Creatures (others)
  A caustic shrike (Zig:18)
  2 golden dragons
  A deep elf blademaster (Elf:3)
  An ancient champion (Tomb:2)
  A ghost moth (Zig:2)
  A draconian knight (Zot:4)
  A fire giant (Depths:4)
  An elemental wellspring (Coc:5)
  A yellow draconian (Zot:3)
  An ice dragon (Vaults:5)
  6 hell hogs
  3 death scarabs (Tomb:2)
  A thrashing horror (Abyss:4)
  A storm dragon zombie (Coc:2)
  2 sixfirhies (Pan)
  A necromancer (Depths:4)
  A rust devil (Tomb:2)
  2 hydra zombies
  A hellwing (Pan)
  2 shadows (Geh:1)
  A flying skull (Geh:1)
  A water elemental (Shoals:2)
  2 wraiths
  A naga (Abyss:4)
  3 ball lightnings (Pan)
  An orc zombie (Dis:5)
  133 blocks of ice
  4 bushes (Lair:6)
  309 fire vortices
  16 fungi
  28 plants
  5 starspawn tentacles
  15 tentacles (Shoals:4)
  3 withered plants (D:15)
553 creatures vanquished.

Grand Total: 6798 creatures vanquished

Notes
Turn   | Place    | Note
-------+----------+-------------------------------------------
     0 | D:1      | inmateoo the Octopode Venom Mage began the quest for the
                  | Orb.
     0 | D:1      | Reached XP level 1. HP: 11/11 MP: 3/3
   381 | D:1      | Reached XP level 2. HP: 17/17 MP: 1/5
  1327 | D:2      | Reached XP level 3. HP: 19/22 MP: 2/6
  1652 | D:2      | Reached skill level 1 in Fighting
  1832 | D:2      | Found a radiant altar of Vehumet.
  1832 | D:2      | Found a sparkling altar of Nemelex Xobeh.
  1844 | D:2      | Became a worshipper of Vehumet
  1943 | D:2      | Learned a level 2 spell: Poisonous Vapours
  1947 | D:2      | Learned a level 3 spell: Ignite Poison
  2225 | D:2      | Reached XP level 4. HP: 28/28 MP: 4/7
  3333 | D:3      | Found a basalt altar of Yredelemnul.
  3347 | D:3      | Noticed Terence
  3397 | D:3      | Found an ornate altar of the Wu Jian Council.
  3484 | D:3      | Killed Terence
  3484 | D:3      | Reached skill level 1 in Fire Magic
  3564 | D:3      | Reached XP level 5. HP: 33/33 MP: 6/8
  4133 | D:3      | Reached * piety under Vehumet
  4133 | D:3      | Offered knowledge of Foxfire by Vehumet.
  4298 | D:2      | Found a sparkling altar of Nemelex Xobeh.
  4340 | D:4      | Noticed Dowan
  4356 | D:4      | Killed Dowan
  4356 | D:4      | Reached XP level 6. HP: 24/38 MP: 3/9
  4364 | D:4      | Noticed a phantom
  4371 | D:3      | Learned a level 3 spell: Mephitic Cloud
  4600 | D:4      | Found a sacrificial altar of Ru.
  4866 | D:4      | Noticed Duvessa
  4869 | D:5      | Entered Level 5 of the Dungeon
  4950 | D:4      | Killed Duvessa
  4950 | D:4      | Reached skill level 5 in Poison Magic
  4950 | D:4      | Reached XP level 7. HP: 45/45 MP: 10/11
  4966 | D:4      | Noticed Robin
  4972 | D:4      | Killed Robin
  5244 | D:4      | Reached ** piety under Vehumet
  5244 | D:4      | Offered knowledge of Freeze by Vehumet.
  5505 | D:4      | Found a staircase to the Ecumenical Temple.
  6103 | D:5      | Found an ancient bone altar of Kikubaaqudgha.
  6130 | D:5      | Found a shadowy altar of Dithmenos.
  6206 | D:5      | Reached XP level 8. HP: 51/51 MP: 13/13
  6722 | D:5      | Found a shimmering altar of Xom.
  6922 | D:6      | Found a burning altar of Makhleb.
  6976 | D:6      | Noticed Eustachio
  6981 | D:6      | Killed Eustachio
  7211 | D:6      | Reached skill level 5 in Fire Magic
  7225 | D:6      | Learned a level 4 spell: Olgreb's Toxic Radiance
  7314 | D:6      | Found an iron altar of Okawaru.
  7321 | D:6      | Got an iridescent spear
  7322 | D:6      | Identified the +5 spear "Yfihe" {holy, rN+ Dex+4} (You
                  | found it on level 6 of the Dungeon)
  7507 | D:6      | Reached XP level 9. HP: 53/58 MP: 15/15
  7689 | D:6      | Reached skill level 5 in Spellcasting
  7690 | D:6      | Reached skill level 5 in Fighting
  7692 | D:6      | Offered knowledge of Conjure Flame by Vehumet.
  8032 | D:6      | Noticed Maggie
  8050 | D:6      | Killed Maggie
  9171 | D:7      | Found Feig's General Store.
  9179 | D:7      | Bought a scroll of identify for 24 gold pieces
  9201 | D:7      | Reached *** piety under Vehumet
  9202 | D:7      | Reached skill level 5 in Dodging
  9310 | D:7      | Found Muompoux's Weapon Boutique.
  9348 | D:7      | Reached XP level 10. HP: 64/68 MP: 18/18
  9518 | D:7      | Found a stormy altar of Qazlal.
  9571 | D:7      | Found Qaetopp's Assorted Antiques.
  9580 | D:7      | Bought a scroll of identify for 44 gold pieces
  9580 | D:7      | Bought a scroll labeled UNLESCHEXIKK for 22 gold pieces
  9580 | D:7      | Bought a runed buckler for 165 gold pieces
  9592 | D:7      | Found Jytaodaf's Assorted Antiques.
  9596 | D:7      | Bought a scroll of teleportation for 63 gold pieces
  9596 | D:7      | Bought a scroll labeled GASKISE PYXOU for 21 gold pieces
  9596 | D:7      | Bought a scroll labeled JUUKHO UMYCW for 21 gold pieces
  9596 | D:7      | Bought a scroll of fear for 73 gold pieces
  9596 | D:7      | Bought a slimy dagger for 147 gold pieces
  9596 | D:7      | Identified the +7 dagger "Xefyvam" {pain, rElec Int+6} (You
                  | bought it in a shop on level 7 of the Dungeon)
  9632 | D:7      | Found a burning altar of Makhleb.
  9730 | D:7      | Found a white marble altar of Elyvilon.
  9814 | D:8      | Noticed Prince Ribbit
  9859 | D:8      | Found Nagoomp's Book Emporium.
  9967 | D:8      | Killed Prince Ribbit
  9967 | D:8      | Reached skill level 1 in Shields
 10074 | D:8      | Offered knowledge of Iskenderun's Mystic Blast by Vehumet.
 10295 | D:8      | Noticed a three-headed hydra
 10303 | D:8      | Killed a three-headed hydra
 10434 | D:8      | Found an opulent altar of Gozag.
 10472 | D:8      | Noticed Pikel
 10475 | D:8      | Killed Pikel
 10697 | D:8      | Noticed Grum
 10709 | D:8      | Killed Grum
 11264 | D:9      | Identified the cursed +0 dagger "Ygatuo" {drain, Dex+2}
                  | (You found it on level 9 of the Dungeon)
 11607 | D:9      | Reached XP level 11. HP: 53/74 MP: 21/21
 11989 | D:10     | Entered Level 10 of the Dungeon
 11989 | D:10     | Noticed a tengu warrior
 11989 | D:10     | Noticed a tengu warrior
 12033 | D:10     | Killed a tengu warrior
 12045 | D:10     | Reached **** piety under Vehumet
 12231 | D:10     | Killed a tengu warrior
 12264 | D:10     | Offered knowledge of Fireball by Vehumet.
 12431 | D:10     | Learned a level 5 spell: Fireball
 12551 | D:10     | Reached skill level 10 in Poison Magic
 12552 | D:10     | Noticed a two-headed ogre
 12560 | D:10     | Killed a two-headed ogre
 12800 | D:10     | Found a staircase to the Orcish Mines.
 12817 | D:10     | Noticed an unseen horror
 12833 | D:10     | Killed an unseen horror
 13382 | D:11     | Found Minaos's Food Shop.
 13778 | D:11     | Reached ***** piety under Vehumet
 13817 | D:11     | Found a staircase to the Lair.
 14048 | D:11     | Offered knowledge of Yara's Violent Unravelling by Vehumet.
 14049 | D:11     | Noticed a two-headed ogre
 14082 | D:11     | Killed a two-headed ogre
 14082 | D:11     | Reached XP level 12. HP: 64/81 MP: 21/24
 14227 | D:11     | Reached skill level 5 in Stealth
 14425 | D:11     | Found Emuofi's Distillery.
 14445 | D:11     | Bought a potion of heal wounds for 65 gold pieces
 14445 | D:11     | Bought a potion of heal wounds for 65 gold pieces
 14445 | D:11     | Bought a potion of heal wounds for 65 gold pieces
 14445 | D:11     | Bought a potion of magic for 104 gold pieces
 14445 | D:11     | Bought a potion of flight for 39 gold pieces
 14445 | D:11     | Bought a potion of invisibility for 104 gold pieces
 14445 | D:11     | Bought a potion of might for 52 gold pieces
 14588 | D:11     | Found Qanlon's Gadget Shop.
 15146 | D:12     | Learned a level 4 spell: Airstrike
 15317 | D:12     | Found a blossoming altar of Fedhas.
 15611 | D:12     | Reached skill level 10 in Fire Magic
 15611 | D:12     | Reached skill level 1 in Air Magic
 15907 | D:13     | Noticed a four-headed hydra
 15915 | D:13     | Killed a four-headed hydra
 16046 | D:13     | Noticed Rupert
 16129 | Orc:1    | Entered Level 1 of the Orcish Mines
 16266 | Orc:2    | Entered Level 2 of the Orcish Mines
 16496 | Lair:1   | Entered Level 1 of the Lair of Beasts
 16884 | Lair:1   | Found a transporter.
 16887 | Lair:1   | Noticed Tungsten's ghost (journeyman MfIE)
 16902 | Lair:1   | Found a transporter.
 17251 | Lair:1   | Found a radiant altar of Vehumet.
 17729 | Lair:2   | Found a dark tunnel.
 17781 | Volcano  | Entered a volcano
 17797 | Volcano  | Noticed a centaur warrior
 17801 | Volcano  | Killed a centaur warrior
 17801 | Volcano  | Reached XP level 13. HP: 60/89 MP: 26/26
 17969 | Volcano  | Found a radiant altar of Vehumet.
 18026 | Volcano  | Noticed a red draconian
 18046 | Volcano  | Killed a red draconian
 18585 | Lair:2   | Found a staircase to the Snake Pit.
 19097 | Lair:3   | Offered knowledge of Iron Shot by Vehumet.
 19988 | Lair:4   | Reached skill level 5 in Air Magic
 20970 | Lair:5   | Reached skill level 10 in Spellcasting
 21326 | Lair:5   | Found a staircase to the Slime Pits.
 21386 | Lair:5   | Reached skill level 10 in Fighting
 21475 | Lair:5   | Reached XP level 14. HP: 99/99 MP: 14/28
 21591 | Lair:5   | Offered knowledge of Starburst by Vehumet.
 21919 | Lair:6   | Entered Level 6 of the Lair of Beasts
 21919 | Lair:6   | Noticed Nessos
 22606 | Lair:6   | Killed Nessos
 22686 | Lair:6   | Reached skill level 1 in Evocations
 23267 | Lair:6   | Noticed Kirke
 23281 | Lair:6   | Killed Kirke
 24483 | Lair:6   | Reached XP level 15. HP: 105/105 MP: 29/29
 25428 | D:13     | Found a gate to the Vaults.
 25435 | D:13     | Offered knowledge of Ozocubu's Refrigeration by Vehumet.
 25739 | D:13     | Killed Rupert
 25873 | D:13     | Found Voesuapt's Distillery.
 25881 | D:13     | Bought a potion of haste for 120 gold pieces
 25881 | D:13     | Bought a potion of haste for 120 gold pieces
 25894 | D:13     | Reached skill level 15 in Fire Magic
 26348 | D:14     | Found a shattered altar of Ashenzari.
 26767 | D:14     | Noticed an emperor scorpion
 27140 | D:15     | Entered Level 15 of the Dungeon
 28041 | Orc:1    | Reached skill level 10 in Dodging
 28368 | Orc:2    | Offered knowledge of Irradiate by Vehumet.
 28401 | Orc:1    | Found Dysafy's Gadget Shop.
 29054 | Lair:3   | Found a staircase to the Shoals.
 29117 | Shoals:1 | Entered Level 1 of the Shoals
 29918 | D:9      | Noticed Erolcha
 30048 | D:9      | Reached XP level 16. HP: 114/114 MP: 26/31
 30209 | D:9      | Killed Erolcha
 30568 | Orc:2    | Found Cotzul's Weapon Shoppe.
 30568 | Orc:2    | Found Ihixetzaom's Distillery.
 30605 | Orc:2    | Found a roughly hewn altar of Beogh.
 30789 | Orc:2    | Found a staircase to the Elven Halls.
 30890 | Orc:2    | Found Egefais's Magic Scroll Shoppe.
 30890 | Orc:2    | Found Ales's Magic Scroll Boutique.
 31032 | Orc:2    | Bought a scroll of blinking for 135 gold pieces
 31032 | Orc:2    | Bought a scroll of blinking for 135 gold pieces
 31032 | Orc:2    | Bought a scroll of blinking for 135 gold pieces
 31032 | Orc:2    | Bought a scroll of magic mapping for 63 gold pieces
 31331 | D:8      | Bought a book of Power for 495 gold pieces
 31337 | D:8      | Learned a level 5 spell: Bolt of Magma
 31437 | Elf:1    | Entered Level 1 of the Elven Halls
 31552 | Elf:1    | Found Fussew's Magic Scroll Emporium.
 31556 | Elf:1    | Found Boffumn's Armour Shoppe.
 31557 | Elf:1    | Found Jias's Assorted Antiques.
 31564 | Elf:1    | Bought a glittering jade amulet for 130 gold pieces
 31564 | Elf:1    | Bought a scroll of teleportation for 78 gold pieces
 31564 | Elf:1    | Identified the amulet "Lumnui" {Acrobat Fragile rF+ SInv}
                  | (You bought it in a shop on level 1 of the Elven Halls)
 31916 | Elf:1    | Noticed Louise
 31917 | Elf:1    | Noticed Donald
 31923 | Elf:1    | Killed Louise
 31924 | Elf:1    | Killed Donald
 33310 | Elf:1    | Offered knowledge of Conjure Ball Lightning by Vehumet.
 34948 | Shoals:1 | Reached XP level 17. HP: 123/123 MP: 25/34
 38895 | Shoals:4 | Entered Level 4 of the Shoals
 38895 | Shoals:4 | Noticed Polyphemus
 39919 | Shoals:4 | Identified the cursed +3 short sword "Doddut" {flame, Str-2
                  | Dex+5}
 39925 | Shoals:4 | Reached skill level 15 in Fighting
 40771 | Shoals:4 | Killed Polyphemus
 41033 | Shoals:4 | Reached skill level 15 in Spellcasting
 41231 | Shoals:4 | Offered knowledge of Lehudib's Crystal Spear by Vehumet.
 41410 | Shoals:4 | Got a vibrating bone ring
 41412 | Shoals:4 | Identified the ring "Wodangol" {+Fly rC++ Slay+5 Stlth+}
                  | (You found it on level 4 of the Shoals)
 41451 | Shoals:4 | Noticed a kraken
 41465 | Shoals:4 | Reached XP level 18. HP: 59/134 MP: 17/37
 42015 | Shoals:4 | Got a barnacled rune of Zot
 43361 | D:15     | Found a staircase to the Depths.
 43693 | Depths:1 | Entered Level 1 of the Depths
 45662 | Snake:1  | Entered Level 1 of the Snake Pit
 46384 | Snake:1  | Reached skill level 1 in Earth Magic
 46592 | Snake:1  | You fall into a shaft and drop 1 floor!
 47921 | Snake:2  | Reached skill level 5 in Evocations
 49139 | Snake:3  | Reached ****** piety under Vehumet
 50110 | Snake:3  | Reached XP level 19. HP: 109/139 MP: 5/39
 51096 | Snake:4  | Entered Level 4 of the Snake Pit
 51105 | Snake:4  | Reached skill level 5 in Earth Magic
 51696 | Snake:4  | Reached skill level 1 in Conjurations
 52297 | Snake:4  | Learned a level 6 spell: Iron Shot
 53449 | Snake:4  | Offered knowledge of Fire Storm by Vehumet.
 53449 | Snake:4  | Offered knowledge of Chain Lightning by Vehumet.
 53449 | Snake:4  | Offered knowledge of Ignition by Vehumet.
 53459 | Snake:4  | Learned a level 8 spell: Ignition
 53726 | Slime:1  | Entered Level 1 of the Pits of Slime
 53985 | Vaults:1 | Entered Level 1 of the Vaults
 55424 | Vaults:1 | Found a runed translucent gate.
 55425 | Vaults:1 | Found a runed translucent gate.
 55425 | Vaults:1 | Found a runed translucent gate.
 55428 | Vaults:1 | Noticed Bailed's ghost (veteran MiMo)
 55733 | Vaults:1 | Reached XP level 20. HP: 88/147 MP: 36/40
 55986 | Vaults:1 | Found a sacrificial altar of Ru.
 57044 | Vaults:2 | Reached skill level 5 in Conjurations
 57703 | Vaults:2 | Identified the Catalogue of Sinister Transmutation
 58592 | Vaults:2 | Found a portal to a secret trove of treasure.
 58794 | Vaults:3 | Found a flickering gateway to a bazaar.
 58801 | Bazaar   | Entered a bazaar
 58805 | Bazaar   | Found Anidgh's Antique Weapon Boutique.
 58808 | Bazaar   | Found Gol Jotz's Assorted Antiques.
 58821 | Bazaar   | Found Aggobom's Antique Weapon Shoppe.
 58829 | Bazaar   | Found Wunakiwk's Antique Armour Shoppe.
 58896 | Bazaar   | Bought a potion of magic for 200 gold pieces
 58896 | Bazaar   | Bought a scroll of identify for 50 gold pieces
 59884 | Vaults:3 | Found a staircase to the Crypt.
 59887 | Vaults:3 | Noticed Xtahua
 59889 | Vaults:3 | Reached XP level 21. HP: 149/154 MP: 29/42
 60567 | Vaults:3 | Killed Xtahua
 60764 | Vaults:3 | Noticed Aizul
 60777 | Vaults:3 | Killed Aizul
 64717 | Vaults:4 | Reached skill level 10 in Conjurations
 64741 | Vaults:4 | Learned a level 6 spell: Statue Form
 65571 | Snake:4  | Found a runed translucent door.
 65571 | Snake:4  | Noticed sentinel's ghost (journeyman DDMo)
 65642 | Snake:4  | Reached skill level 5 in Transmutations
 65661 | Snake:4  | Reached XP level 22. HP: 127/162 MP: 36/44
 65677 | Snake:4  | Reached skill level 1 in Unarmed Combat
 66777 | Snake:4  | Learned a level 9 spell: Fire Storm
 67077 | Snake:4  | Got a serpentine rune of Zot
 67486 | Elf:1    | Found a gateway to a bazaar.
 67523 | Bazaar   | Entered a bazaar
 67542 | Bazaar   | Found Plog's Book Emporium.
 67573 | Bazaar   | Found Osyprit's Gadget Boutique.
 67633 | Bazaar   | Found Paytish's Book Emporium.
 67684 | Bazaar   | Found Luoppequri's Gadget Emporium.
 67867 | Bazaar   | Bought a book of the Warp for 990 gold pieces
 67874 | Bazaar   | Learned a level 2 spell: Shroud of Golubria
 68339 | Elf:2    | Found a runed translucent gate.
 68340 | Elf:2    | Found a runed translucent gate.
 68342 | Elf:2    | Found a runed translucent gate.
 68574 | Elf:2    | Noticed Azrael
 68585 | Elf:2    | Killed Azrael
 68698 | Elf:3    | Entered Level 3 of the Elven Halls
 68871 | Elf:3    | Cast into level 2 of the Abyss (a deep elf sorcerer)
 68871 | Abyss:2  | Found a corrupted altar of Lugonu.
 68966 | Abyss:2  | Reached skill level 1 in Translocations
 69026 | Elf:3    | Escaped the Abyss
 69034 | Elf:3    | Reached skill level 10 in Earth Magic
 69038 | Elf:3    | Reached skill level 5 in Unarmed Combat
 69038 | Elf:3    | Reached XP level 23. HP: 125/169 MP: 27/45
 69279 | Elf:3    | Found the +3 salamander hide armour {+Rage rF++}
 69294 | Elf:3    | Got a smoking steel amulet
 69295 | Elf:3    | Identified the amulet "Nacru" {Reflect +Blink rPois SH+5}
                  | (You found it on level 3 of the Elven Halls)
 69306 | Elf:3    | Identified Vul Faesm's Thaumaturgy, Part Six
 69348 | Elf:3    | Got a smoking ivory ring
 69349 | Elf:3    | Identified the cursed ring of Secrets {rElec EV-4 SInv}
                  | (You found it on level 3 of the Elven Halls)
 69412 | Elf:3    | Found the cursed +13 scythe of Curses {drain, *Curse}
 70682 | Slime:4  | Paralysed by a great orb of eyes for 3 turns
 70813 | Slime:5  | Entered Level 5 of the Pits of Slime
 70828 | Slime:5  | Noticed the Royal Jelly
 70985 | Slime:5  | Reached skill level 5 in Translocations
 71906 | Slime:5  | Killed the Royal Jelly
 71993 | Slime:4  | Gained mutation: Your magical capacity is low. (-10% MP)
                  | [mutagenic glow]
 72156 | Slime:5  | Lost mutation: Your magical capacity is low. (-10% MP)
                  | [potion of mutation]
 72156 | Slime:5  | Gained mutation: You occasionally shout uncontrollably at
                  | your foes. [potion of mutation]
 72156 | Slime:5  | Gained mutation: You are dopey. (Int -2) [potion of
                  | mutation]
 72156 | Slime:5  | Gained mutation: You sometimes yell uncontrollably at your
                  | foes. [potion of mutation]
 72156 | Slime:5  | Gained mutation: You have an increased reservoir of magic.
                  | (+10% MP) [potion of mutation]
 72157 | Slime:5  | Lost mutation: You sometimes yell uncontrollably at your
                  | foes. [potion of mutation]
 72157 | Slime:5  | Lost mutation: You occasionally shout uncontrollably at
                  | your foes. [potion of mutation]
 72157 | Slime:5  | Lost mutation: You are dopey. (Int -2) [potion of mutation]
 72157 | Slime:5  | Gained mutation: You are robust. (+10% HP) [potion of
                  | mutation]
 72157 | Slime:5  | Gained mutation: One of your tentacles bears a spike.
                  | [potion of mutation]
 72250 | Slime:5  | Found the +8 frozen axe "Frostbite" {freezing cloud, *Noise
                  | +Fly rC+}
 72291 | Slime:5  | Identified the ring "Ustria" {+Inv MP+9 Int+5 Stlth+} (You
                  | found it on level 5 of the Pits of Slime)
 72300 | Slime:5  | Found the +9 staff of Wucad Mu {channel}
 72309 | Slime:5  | Got a slimy rune of Zot
 72360 | Slime:5  | Identified the cursed +0 demon blade "Zunniadgh" {drain,
                  | rElec} (You found it on level 5 of the Pits of Slime)
 72370 | Slime:5  | Identified Xiasch's Papyrus of Sinister Arts and the
                  | Snowflakes
 72736 | Depths:1 | Reached XP level 24. HP: 194/194 MP: 50/50
 73035 | Depths:1 | Found a gateway to Hell.
 73669 | Depths:1 | Found a one-way gate to the infinite horrors of the Abyss.
 74037 | Depths:2 | Noticed Saint Roka
 74047 | Depths:2 | Killed Saint Roka
 74887 | Depths:2 | Noticed Asterion
 74893 | Depths:2 | Killed Asterion
 75767 | Depths:2 | Noticed a juggernaut
 75775 | Depths:2 | Killed a juggernaut
 75803 | Depths:2 | Identified the cursed +1 ring mail of a sewer {MR+ Dex-4
                  | SInv}
 75803 | Depths:2 | Noticed Mara
 75807 | Depths:2 | Noticed inmateoo's illusion
 75829 | Depths:2 | Noticed inmateoo's illusion
 75840 | Depths:2 | Killed Mara
 75840 | Depths:2 | Reached XP level 25. HP: 193/202 MP: 16/50
 76192 | Depths:3 | Found Issegaug's Weapon Shop.
 76325 | Depths:3 | Found the +7 lajatang of Order {silver, rMut}
 76393 | Depths:3 | Found a one-way gate leading to the halls of Pandemonium.
 76403 | Depths:3 | Reached skill level 10 in Evocations
 76702 | Depths:3 | Found Xeusk's Magic Scroll Emporium.
 76703 | Depths:3 | Found Hygatzygh's Magic Scroll Shoppe.
 76703 | Depths:3 | Found Doschig's Weapon Emporium.
 76708 | Depths:3 | Bought 2 scrolls of teleportation for 138 gold pieces
 76708 | Depths:3 | Bought a scroll of teleportation for 69 gold pieces
 76708 | Depths:3 | Bought a scroll of magic mapping for 80 gold pieces
 76708 | Depths:3 | Found Kuc Sapn's Distillery.
 76750 | Depths:3 | Bought a potion of heal wounds for 60 gold pieces
 76750 | Depths:3 | Bought a potion of curing for 36 gold pieces
 76750 | Depths:3 | Bought a potion of curing for 36 gold pieces
 76750 | Depths:3 | Bought a potion of curing for 36 gold pieces
 76750 | Depths:3 | Bought a potion of might for 48 gold pieces
 76750 | Depths:3 | Bought a potion of brilliance for 48 gold pieces
 76754 | Depths:3 | Bought a scroll of teleportation for 39 gold pieces
 76754 | Depths:3 | Bought a scroll of teleportation for 39 gold pieces
 76754 | Depths:3 | Bought a scroll of magic mapping for 45 gold pieces
 76875 | Depths:3 | Noticed a juggernaut
 76875 | Depths:3 | Reached XP level 26. HP: 90/212 MP: 35/51
 77257 | Depths:3 | Killed a juggernaut
 77924 | Depths:3 | Noticed a juggernaut
 78077 | Depths:3 | Killed a juggernaut
 78494 | Depths:4 | Found a snail-covered altar of Cheibriados.
 78704 | Depths:4 | Found a bloodstained altar of Trog.
 78908 | Depths:4 | You fall into a shaft and drop 1 floor!
 78908 | Depths:5 | Entered Level 5 of the Depths
 79466 | Depths:4 | Identified the Guide on Ghastly Good Luck
 79666 | Depths:5 | Found a gateway to a ziggurat.
 79732 | Depths:5 | Found a gate to the Realm of Zot.
 79827 | Depths:5 | Reached skill level 15 in Conjurations
 80124 | Depths:5 | Reached XP level 27. HP: 168/221 MP: 52/52
 80614 | Crypt:1  | Entered Level 1 of the Crypt
 80695 | Crypt:1  | Identified the ring of the Omega Point {rPois rC+ MR+} (You
                  | found it on level 1 of the Crypt)
 80702 | Crypt:1  | Found a magical portal.
 81615 | WizLab   | Identified Iskenderun's Compendium of Attacks
 81615 | WizLab   | Identified Iskenderun's Grimoire of Battle Magic
 82506 | Crypt:2  | Found a basalt altar of Yredelemnul.
 82935 | Crypt:3  | Entered Level 3 of the Crypt
 82943 | Crypt:3  | Noticed Jory
 82953 | Crypt:3  | Killed Jory
 83440 | Crypt:3  | Identified the +7 mace of Viny Gallantry {pain, rC+ Str+4}
 83638 | Crypt:3  | Found a basalt altar of Yredelemnul.
 83641 | Crypt:3  | Found an ancient bone altar of Kikubaaqudgha.
 83760 | Crypt:3  | Learned a level 8 spell: Controlled Blink
 83774 | Crypt:3  | Got a pitted bone amulet
 83775 | Crypt:3  | Identified the amulet "Exel" {RegenMP Slay+3} (You found it
                  | on level 3 of the Crypt)
 83939 | Crypt:3  | Found a basalt altar of Yredelemnul.
 84007 | Crypt:3  | Found a staircase to the Tomb.
 84583 | Vaults:5 | Entered Level 5 of the Vaults
 84597 | Vaults:5 | Noticed an ancient lich
 84955 | Vaults:5 | Killed an ancient lich
 84955 | Vaults:5 | Reached skill level 10 in Unarmed Combat
 84962 | Vaults:5 | Noticed an ancient lich
 85284 | Vaults:5 | Reached skill level 10 in Translocations
 85284 | Vaults:5 | Killed an ancient lich
 85888 | Vaults:5 | Noticed an ancient lich
 85896 | Vaults:5 | Killed an ancient lich
 86019 | Vaults:5 | Noticed an ancient lich
 86032 | Vaults:5 | Identified the cursed +1 long sword "Afygizei" {vorpal, rC+
                  | Str+4 Int+3}
 86341 | Vaults:5 | Killed an ancient lich
 86344 | Vaults:5 | Got a silver rune of Zot
 86860 | D:13     | Bought a potion of might for 48 gold pieces
 86860 | D:13     | Bought a potion of curing for 36 gold pieces
 86860 | D:13     | Bought a potion of might for 48 gold pieces
 86860 | D:13     | Bought 2 potions of haste for 240 gold pieces
 86860 | D:13     | Bought a potion of might for 48 gold pieces
 86860 | D:13     | Bought a potion of curing for 36 gold pieces
 86912 | D:11     | Bought a potion of curing for 39 gold pieces
 86912 | D:11     | Bought a potion of magic for 104 gold pieces
 86912 | D:11     | Bought a potion of might for 52 gold pieces
 86912 | D:11     | Bought a potion of brilliance for 52 gold pieces
 87060 | Orc:2    | Bought a potion of haste for 140 gold pieces
 87060 | Orc:2    | Bought a potion of curing for 42 gold pieces
 87060 | Orc:2    | Bought a potion of brilliance for 56 gold pieces
 87060 | Orc:2    | Bought a potion of mutation for 112 gold pieces
 87060 | Orc:2    | Bought a potion of curing for 42 gold pieces
 87060 | Orc:2    | Bought a potion of heal wounds for 70 gold pieces
 87060 | Orc:2    | Bought a potion of brilliance for 56 gold pieces
 87189 | D:11     | Bought a ration for 50 gold pieces
 87189 | D:11     | Bought a ration for 50 gold pieces
 87189 | D:11     | Bought a ration for 50 gold pieces
 87189 | D:11     | Bought a ration for 50 gold pieces
 87189 | D:11     | Bought a ration for 50 gold pieces
 87189 | D:11     | Bought a ration for 50 gold pieces
 87189 | D:11     | Bought a ration for 50 gold pieces
 87189 | D:11     | Bought a ration for 50 gold pieces
 87189 | D:11     | Bought a ration for 50 gold pieces
 87189 | D:11     | Bought a ration for 50 gold pieces
 87646 | D:7      | Fell from the grace of Vehumet
 87646 | D:7      | Became a worshipper of Makhleb the Destroyer
 87910 | Vaults:2 | You paid a toll of 17 potions of curing to enter a treasure
                  | trove
 87911 | Trove    | Entered a treasure trove
 88363 | Hell     | Entered the Vestibule of Hell
 88363 | Hell     | Noticed Geryon
 88363 | Hell     | Noticed Murray
 88383 | Depths:1 | Killed Murray
 88728 | Hell     | Reached * piety under Makhleb
 88730 | Hell     | Killed Geryon
 89359 | Hell     | Found a gateway to the ashen valley of Gehenna.
 89394 | Hell     | Reached ** piety under Makhleb
 89404 | Hell     | Found a gateway to the Iron City of Dis.
 89453 | Hell     | Found a gateway to the freezing wastes of Cocytus.
 89529 | Hell     | Found a gateway to the decaying netherworld of Tartarus.
 89792 | Coc:1    | Entered Level 1 of Cocytus
 89962 | Coc:1    | Reached *** piety under Makhleb
 90291 | Coc:2    | Reached **** piety under Makhleb
 90826 | Coc:3    | Reached ***** piety under Makhleb
 91069 | Coc:4    | Reached skill level 15 in Dodging
 91233 | Coc:5    | Reached ****** piety under Makhleb
 91445 | Coc:6    | Reached skill level 15 in Evocations
 91643 | Coc:7    | Entered Level 7 of Cocytus
 91737 | Coc:7    | Noticed the Serpent of Hell
 92085 | Zot:1    | Entered Level 1 of the Realm of Zot
 94339 | Zot:2    | Was forgiven by Vehumet
 94821 | Zot:3    | Noticed an orb of fire
 94835 | Zot:3    | Killed an orb of fire
 95000 | Zot:3    | Learned a level 9 spell: Absolute Zero
 95039 | Zot:3    | Reached skill level 1 in Ice Magic
 95617 | Zot:5    | Entered Level 5 of the Realm of Zot
 95689 | Zot:4    | Reached skill level 5 in Ice Magic
 96004 | Zot:4    | Noticed an orb of fire
 96025 | Zot:4    | Killed an orb of fire
 96862 | Coc:1    | Learned a level 8 spell: Lehudib's Crystal Spear
 96895 | Coc:1    | Cast into level 3 of the Abyss (reaper)
 96895 | Abyss:3  | Identified a scroll of acquirement
 96905 | Abyss:3  | Got the +2 hat of Hedonism {MP+9 Dex+3}
 97157 | Abyss:3  | Got an abyssal rune of Zot
 97186 | Coc:1    | Escaped the Abyss
 97272 | Tar:1    | Entered Level 1 of Tartarus
 97593 | Tar:2    | Reached skill level 15 in Unarmed Combat
 97908 | Tar:4    | Found a huge runed gate.
 97908 | Tar:4    | Found a huge runed gate.
 97908 | Tar:4    | Found a huge runed gate.
 97909 | Tar:4    | Found a huge runed gate.
 97918 | Tar:4    | Found a huge runed gate.
 97918 | Tar:4    | Found a huge runed gate.
 97919 | Tar:4    | Found a huge runed gate.
 97920 | Tar:4    | Found a huge runed gate.
 97929 | Tar:4    | Found a huge runed gate.
 97930 | Tar:4    | Found a huge runed gate.
 98210 | Tar:7    | Entered Level 7 of Tartarus
 98294 | Tar:7    | Reached skill level 15 in Translocations
 98629 | Tar:7    | Noticed an ancient lich
 98633 | Tar:7    | Killed an ancient lich
 98693 | Tar:7    | Noticed Ereshkigal
 98702 | Tar:7    | Killed Ereshkigal
 98760 | Tar:7    | Got a bone rune of Zot
 98939 | Dis:1    | Entered Level 1 of the Iron City of Dis
 98969 | Dis:1    | Reached skill level 10 in Ice Magic
 99951 | Dis:7    | Entered Level 7 of the Iron City of Dis
100633 | Pan      | Entered Pandemonium
100919 | Pan      | Identified the ring of the Hart {rElec MP+9 SInv} (You
                  | found it in Pandemonium)
101256 | Pan      | Noticed Kocrigaa the pandemonium lord
101261 | Pan      | Killed Kocrigaa the pandemonium lord
101675 | Pan      | Found an exit through the horrors of the Abyss.
101971 | Pan      | Cast into level 4 of the Abyss (reaper)
102241 | Abyss:4  | Learned a level 1 spell: Apportation
102293 | Pan      | Escaped the Abyss
102312 | Pan      | Gained mutation: Scrolls take you a little longer to read.
                  | [a cacodemon]
102316 | Pan      | Cast into level 2 of the Abyss (reaper)
102365 | Pan      | Escaped the Abyss
102511 | Pan      | Reached skill level 15 in Ice Magic
102638 | Pan      | Lost mutation: You have an increased reservoir of magic.
                  | (+10% MP) [a cacodemon]
102645 | Pan      | Identified the +11 battleaxe of Dithmenos's Generosity
                  | {vamp, rPois Int+4 Dex+4}
102729 | Pan      | Found an exit through the horrors of the Abyss.
102818 | Pan      | Entered the realm of Lom Lobon.
103117 | Pan      | Identified the Tome of Glacial Enchantment
103474 | Pan      | Noticed Lom Lobon
103481 | Pan      | Killed Lom Lobon
103506 | Pan      | Got a magical rune of Zot
103659 | Pan      | Noticed Bywemeoff the pandemonium lord
103662 | Pan      | Got a demonic rune of Zot
103681 | Pan      | Killed Bywemeoff the pandemonium lord
103733 | Pan      | Entered the realm of Cerebov.
104035 | Pan      | Identified the ring of Jupnomm {rN+ Str+3 Dex+5} (You found
                  | it in Pandemonium)
104254 | Pan      | Identified Voxoj's Reference Book on Aid and the Birds
104294 | Pan      | Got a glittering jade ring
104297 | Pan      | Identified the ring of Acvefuwk {Ice rPois Int+3} (You
                  | found it in Pandemonium)
104350 | Pan      | Identified the +6 sword of Cerebov {flame}
104350 | Pan      | Noticed Cerebov
104357 | Pan      | Killed Cerebov
104397 | Pan      | Identified Mikheir's Guide on the Assistive Arsonist
104430 | Pan      | Got a fiery rune of Zot
104535 | Pan      | Entered the realm of Gloorx Vloq.
104682 | Pan      | Noticed Mennas
104709 | Pan      | Killed Mennas
104952 | Pan      | Noticed Gloorx Vloq
104957 | Pan      | Killed Gloorx Vloq
105087 | Pan      | Got a dark rune of Zot
105422 | Pan      | Found an exit through the horrors of the Abyss.
105873 | Pan      | Noticed Laguin the pandemonium lord
105879 | Pan      | Killed Laguin the pandemonium lord
105939 | Pan      | Entered the realm of Mnoleg.
106351 | Pan      | Noticed Mnoleg
106354 | Pan      | Killed Mnoleg
106391 | Pan      | Got a glowing rune of Zot
106448 | Pan      | Noticed Dapol the pandemonium lord
106454 | Pan      | Killed Dapol the pandemonium lord
106817 | Pan      | Found an exit through the horrors of the Abyss.
106836 | Pan      | Took an exit into the Abyss.
106836 | Abyss:1  | Escaped into the Abyss
106836 | Abyss:1  | Found a corrupted altar of Lugonu.
106889 | Depths:3 | Escaped the Abyss
107240 | Coc:7    | Killed the Serpent of Hell
107605 | Coc:7    | Identified the cursed ring of Qobyisaa {rF+ Dex-4}
107605 | Coc:7    | Noticed Antaeus
107607 | Coc:7    | Killed Antaeus
107643 | Coc:7    | Got an icy rune of Zot
107644 | Coc:7    | Identified the Collected Works on Calling
108490 | Dis:7    | Found the +8 orange crystal plate armour {Archmagi, Int+3
                  | Clar}
108770 | Dis:7    | Identified Sif Muna's Tome of Excruciating Fire
108779 | Dis:7    | Identified the Collected Works on Torrid Boosts
108922 | Dis:7    | Identified The Foundations of Magic
108985 | Dis:7    | Identified the +4 staff of Dispater
108985 | Dis:7    | Noticed Dispater
108987 | Dis:7    | Killed Dispater
109017 | Dis:7    | Got an iron rune of Zot
109157 | Geh:1    | Entered Level 1 of Gehenna
109868 | Geh:7    | Entered Level 7 of Gehenna
110175 | Geh:7    | Identified the +7 sceptre of Asmodeus
110175 | Geh:7    | Noticed Asmodeus
110177 | Geh:7    | Killed Asmodeus
110193 | Geh:7    | Got an obsidian rune of Zot
110194 | Geh:7    | Identified the Incunabulum of Freezing Augmentations
110525 | Depths:5 | Lost mutation: Scrolls take you a little longer to read.
                  | [potion of mutation]
110525 | Depths:5 | Lost mutation: One of your tentacles bears a spike. [potion
                  | of mutation]
110525 | Depths:5 | Gained mutation: Your mind is acute. (Int +2) [potion of
                  | mutation]
110525 | Depths:5 | Gained mutation: You are partially covered in thin metallic
                  | scales. (AC +2) [potion of mutation]
110577 | Zig:1    | Entered Level 1 of a ziggurat
110632 | Zig:2    | Entered Level 2 of a ziggurat
110656 | Zig:3    | Entered Level 3 of a ziggurat
110688 | Zig:4    | Entered Level 4 of a ziggurat
110757 | Zig:5    | Entered Level 5 of a ziggurat
110801 | Zig:6    | Entered Level 6 of a ziggurat
110880 | Zig:7    | Entered Level 7 of a ziggurat
110885 | Zig:7    | Noticed a juggernaut
110886 | Zig:7    | Noticed a juggernaut
110887 | Zig:7    | Found the +9 heavy crossbow "Sniper" {vorpal, Acc+∞ SInv}
110889 | Zig:7    | Killed a juggernaut
110889 | Zig:7    | Killed a juggernaut
110921 | Zig:7    | Identified the +5 scimitar of Furuc {vorpal, *Rage rElec
                  | rN++ MR+ Str+2} (You found it on level 7 of a ziggurat)
110926 | Zig:8    | Entered Level 8 of a ziggurat
110959 | Zig:9    | Entered Level 9 of a ziggurat
110987 | Zig:9    | Identified the +5 dagger of Cruel Justice {venom, Dex+3}
                  | (You found it on level 9 of a ziggurat)
110992 | Zig:10   | Entered Level 10 of a ziggurat
111000 | Zig:10   | Found the ring of the Octopus King
111019 | Zig:10   | Identified a ring of the Octopus King {rN+ AC+1 EV+1 Str+1
                  | Int+1 Dex+1} (You found it on level 10 of a ziggurat)
111046 | Zig:11   | Entered Level 11 of a ziggurat
111107 | Zig:11   | Identified the ring of the Shining Light {rPois rN+ Str+3}
                  | (You found it on level 11 of a ziggurat)
111109 | Zig:11   | Identified the ring of the Modern Thickets {rF+ Str+4
                  | Dex+6} (You found it on level 11 of a ziggurat)
111191 | Zig:12   | Entered Level 12 of a ziggurat
111191 | Zig:12   | Noticed an ancient lich
111201 | Zig:12   | Found the +2 cloak of the Thief {+Fog Slay-2 SInv Stlth+}
111414 | Zig:13   | Entered Level 13 of a ziggurat
111424 | Zig:13   | Reached skill level 27 in Fire Magic
111437 | Zig:13   | Identified the ring of Fun {rC++ rN+} (You found it on
                  | level 13 of a ziggurat)
111438 | Zig:13   | Identified the Papyrus of the Snowflakes
111441 | Zig:13   | Identified Sathiaca's Catalogue of Air
111458 | Zig:14   | Entered Level 14 of a ziggurat
111465 | Zig:14   | Noticed p0werm0de's ghost (adept DDFi)
111466 | Zig:14   | Noticed DDFiAutism's ghost (adept DDFi)
111467 | Zig:14   | Noticed Glorfindel's ghost (legendary BaAE)
111470 | Zig:14   | Killed p0werm0de's ghost
111471 | Zig:14   | Killed DDFiAutism's ghost
111474 | Zig:14   | Killed Glorfindel's ghost
111496 | Zig:14   | Identified the amulet "Zecasa" {Inacc Str+4} (You found it
                  | on level 14 of a ziggurat)
111603 | Zig:15   | Entered Level 15 of a ziggurat
111617 | Zig:15   | Found the cursed necklace of Bloodlust {*Rage +Rage MR++
                  | Int-3 Slay+6 *Curse}
111630 | Zig:15   | Identified the ring "Jusi" {rElec Str+5 Dex+6} (You found
                  | it on level 15 of a ziggurat)
111647 | Zig:16   | Entered Level 16 of a ziggurat
111657 | Zig:16   | Noticed a juggernaut
111657 | Zig:16   | Noticed a juggernaut
111659 | Zig:16   | Noticed a juggernaut
111660 | Zig:16   | Killed a juggernaut
111661 | Zig:16   | Killed a juggernaut
111663 | Zig:16   | Killed a juggernaut
111728 | Zig:16   | Identified the amulet of Gysaam {Acrobat rElec rPois Str-2
                  | Dex+5} (You found it on level 16 of a ziggurat)
111737 | Zig:17   | Entered Level 17 of a ziggurat
111767 | Zig:17   | Identified the ring "Dufusuat" {rN++ Int+2 SInv} (You found
                  | it on level 17 of a ziggurat)
111779 | Zig:17   | Identified Nuxt's Papyrus of Freezing Curses
111785 | Zig:17   | Identified the ring "Requrap" {rC+ MR+ Int+6} (You found it
                  | on level 17 of a ziggurat)
111837 | Zig:18   | Entered Level 18 of a ziggurat
111852 | Zig:18   | Reached skill level 10 in Air Magic
111907 | Zig:18   | Identified the +4 buckler of Gestures {rPois rC+ rN+} (You
                  | found it on level 18 of a ziggurat)
112023 | Zig:19   | Entered Level 19 of a ziggurat
112029 | Zig:19   | Noticed a greater mummy
112030 | Zig:19   | Noticed a greater mummy
112030 | Zig:19   | Noticed a greater mummy
112030 | Zig:19   | Noticed a greater mummy
112031 | Zig:19   | Killed a greater mummy
112031 | Zig:19   | Killed a greater mummy
112031 | Zig:19   | Killed a greater mummy
112034 | Zig:19   | Killed a greater mummy
112052 | Zig:19   | Identified Wiowar's Grimoire of Enchanting Toxins
112060 | Zig:19   | Identified the Almanac of Icy Good Luck
112075 | Zig:19   | Identified the ring of Jazxudunu {*Contam rN+ Int+6 Dex+2
                  | SInv} (You found it on level 19 of a ziggurat)
112177 | Zig:19   | Identified the +3 short sword of the Distant Future {flame,
                  | *Noise MR+ Int+3} (You found it on level 19 of a ziggurat)
112181 | Zig:19   | Identified the cursed +1 spear "Ditenoto" {elec, rElec
                  | Str+3 Dex-5} (You found it on level 19 of a ziggurat)
112185 | Zig:19   | Identified the +4 morningstar of Dofynn {vorpal, +Blink}
                  | (You found it on level 19 of a ziggurat)
112274 | Zig:20   | Entered Level 20 of a ziggurat
112283 | Zig:20   | Noticed a greater mummy
112284 | Zig:20   | Noticed a greater mummy
112284 | Zig:20   | Noticed a greater mummy
112284 | Zig:20   | Noticed a greater mummy
112284 | Zig:20   | Noticed a greater mummy
112284 | Zig:20   | Noticed a greater mummy
112284 | Zig:20   | Noticed a greater mummy
112284 | Zig:20   | Noticed a greater mummy
112284 | Zig:20   | Noticed a greater mummy
112285 | Zig:20   | Killed a greater mummy
112285 | Zig:20   | Killed a greater mummy
112285 | Zig:20   | Killed a greater mummy
112285 | Zig:20   | Killed a greater mummy
112285 | Zig:20   | Killed a greater mummy
112286 | Zig:20   | Killed a greater mummy
112286 | Zig:20   | Noticed a greater mummy
112287 | Zig:20   | Killed a greater mummy
112287 | Zig:20   | Killed a greater mummy
112288 | Zig:20   | Killed a greater mummy
112289 | Zig:20   | Killed a greater mummy
112291 | Zig:20   | Found the +1 cloak of Starlight {rElec rC+ EV+4 Stlth--}
112293 | Zig:20   | Found the +12 glaive of Prune {vorpal}
112301 | Zig:20   | Identified the amulet of the Thistle {Faith rElec rC+ MP+9
                  | Dex+4} (You found it on level 20 of a ziggurat)
112324 | Zig:20   | Identified Sif Muna's Reference Book on the Voyage
112358 | Zig:21   | Entered Level 21 of a ziggurat
112366 | Zig:21   | Reached skill level 27 in Spellcasting
112387 | Zig:21   | Found the +8 arc blade {discharge, rElec}
112425 | Zig:22   | Entered Level 22 of a ziggurat
112434 | Zig:22   | Noticed an ancient lich
112436 | Zig:22   | Noticed an ancient lich
112436 | Zig:22   | Noticed an ancient lich
112436 | Zig:22   | Noticed an ancient lich
112437 | Zig:22   | Noticed an ancient lich
112437 | Zig:22   | Reached skill level 15 in Air Magic
112437 | Zig:22   | Noticed an ancient lich
112439 | Zig:22   | Killed an ancient lich
112439 | Zig:22   | Killed an ancient lich
112440 | Zig:22   | Killed an ancient lich
112441 | Zig:22   | Killed an ancient lich
112441 | Zig:22   | Killed an ancient lich
112442 | Zig:22   | Killed an ancient lich
112454 | Zig:22   | Reached skill level 27 in Fighting
112458 | Zig:22   | Identified the Grimoire of the Forgotten Thickets
112531 | Zig:23   | Entered Level 23 of a ziggurat
112558 | Zig:23   | Identified the Reference Book on Evil and Beguiling
112572 | Zig:23   | Learned a level 9 spell: Tornado
112586 | Zig:23   | Identified the ring of Luduced {Int+6 Dex+3 Stlth+} (You
                  | found it on level 23 of a ziggurat)
112600 | Zig:24   | Entered Level 24 of a ziggurat
112636 | Zig:24   | Identified the ring of Hoschoc {Int+2 Stlth+} (You found it
                  | on level 24 of a ziggurat)
112639 | Zig:24   | Identified the ring of the Hart {rC+ MP+9 Str+3} (You found
                  | it on level 24 of a ziggurat)
112641 | Zig:24   | Identified the amulet of Nihilism {Acrobat rElec rF+} (You
                  | found it on level 24 of a ziggurat)
112655 | Zig:24   | Identified the Papyrus of Bewitching Intoxication
112664 | Zig:24   | Identified the +11 trident of Xaphuw {freeze, rC+ Str+6}
                  | (You found it on level 24 of a ziggurat)
112666 | Zig:24   | Identified the +11 dagger of Lacemuq {chaos, rElec rF-
                  | Dex+3} (You found it on level 24 of a ziggurat)
112681 | Zig:25   | Entered Level 25 of a ziggurat
112720 | Zig:25   | Identified the ring of Cheibriados's Wrath {AC+4 Int+4}
                  | (You found it on level 25 of a ziggurat)
112786 | Zig:26   | Entered Level 26 of a ziggurat
112817 | Zig:26   | Identified Sif Muna's Disquisition on Creative
                  | Transmutation
112822 | Zig:26   | Identified the ring "Xaikkout" {+Fly rElec rC+ MR- Str+2}
                  | (You found it on level 26 of a ziggurat)
112830 | Zig:26   | Identified the ring of Xulah {+Blink rF+} (You found it on
                  | level 26 of a ziggurat)
112833 | Zig:26   | Identified the ring "Vyesmir" {+Fly Int+2} (You found it on
                  | level 26 of a ziggurat)
112840 | Zig:26   | Identified the +6 dagger of Tuyc {vorpal, +Inv rElec Int+3}
                  | (You found it on level 26 of a ziggurat)
112845 | Zig:27   | Entered Level 27 of a ziggurat
112863 | Zig:27   | Reached skill level 27 in Evocations
112896 | Zig:27   | Identified the Collected Works on the Unholy Birds
112903 | Zig:27   | Identified Sif Muna's Disquisition on Execration and Earth
112909 | Zig:27   | Identified the ring of Origism {Int+6 Dex+3} (You found it
                  | on level 27 of a ziggurat)
113214 | Zot:5    | Noticed an orb of fire
113215 | Zot:5    | Noticed an ancient lich
113215 | Zot:5    | Noticed an orb of fire
113219 | Zot:5    | Gained mutation: Your magical capacity is low. (-10% MP)
                  | [an orb of fire]
113219 | Zot:5    | Lost mutation: You are robust. (+10% HP) [an orb of fire]
113221 | Zot:5    | Killed an orb of fire
113221 | Zot:5    | Killed an orb of fire
113222 | Zot:5    | Killed an ancient lich
113228 | Zot:5    | Noticed an ancient lich
113234 | Zot:5    | Killed an ancient lich
113243 | Zot:5    | Lost mutation: Your mind is acute. (Int +2) [an orb of
                  | fire]
113244 | Zot:5    | Noticed an orb of fire
113256 | Zot:5    | Gained mutation: Your muscles are strong. (Str +2) [an orb
                  | of fire]
113258 | Zot:5    | Noticed an ancient lich
113795 | Zot:5    | Killed an ancient lich
113799 | Zot:5    | Killed an orb of fire
113799 | Zot:5    | Reached skill level 27 in Air Magic
113815 | Zot:5    | Noticed an ancient lich
113823 | Zot:5    | Killed an ancient lich
114116 | Zot:5    | Lost mutation: Your magical capacity is low. (-10% MP)
                  | [potion of mutation]
114116 | Zot:5    | Lost mutation: Your muscles are strong. (Str +2) [potion of
                  | mutation]
114116 | Zot:5    | Gained mutation: You are robust. (+10% HP) [potion of
                  | mutation]
114116 | Zot:5    | Gained mutation: You are resistant to hostile enchantments.
                  | (MR+) [potion of mutation]
114158 | Zot:5    | Got the Orb of Zot
114444 | Depths:1 | Noticed Geiq the pandemonium lord
114446 | Depths:1 | Killed Geiq the pandemonium lord
114566 | D:15     | Learned a level 2 spell: Passwall
114571 | D:14     | Learned a level 2 spell: Swiftness
114924 | Tomb:1   | Entered Level 1 of the Tomb of the Ancients
115111 | Tomb:1   | Noticed a greater mummy
115114 | Tomb:1   | Killed a greater mummy
115122 | Tomb:1   | Gained mutation: You occasionally shout uncontrollably at
                  | your foes. [a neqoxec]
115141 | Tomb:1   | Noticed a greater mummy
115142 | Tomb:1   | Noticed a greater mummy
115145 | Tomb:1   | Killed a greater mummy
115146 | Tomb:1   | Killed a greater mummy
115328 | Tomb:2   | Noticed a greater mummy
115328 | Tomb:2   | Noticed a greater mummy
115328 | Tomb:2   | Noticed a greater mummy
115328 | Tomb:2   | Noticed a greater mummy
115340 | Tomb:2   | Killed a greater mummy
115341 | Tomb:2   | Killed a greater mummy
115341 | Tomb:2   | Killed a greater mummy
115342 | Tomb:2   | Killed a greater mummy
115352 | Tomb:2   | Paralysed by a Zot trap for 2 turns
115572 | Tomb:3   | Entered Level 3 of the Tomb of the Ancients
115575 | Tomb:3   | Noticed Socw the pandemonium lord
115577 | Tomb:3   | Noticed an ancient lich
115578 | Tomb:3   | Noticed a greater mummy
115579 | Tomb:3   | Noticed a greater mummy
115581 | Tomb:3   | Killed Socw the pandemonium lord
115581 | Tomb:3   | Killed a greater mummy
115581 | Tomb:3   | Noticed Khufu
115581 | Tomb:3   | Noticed a greater mummy
115582 | Tomb:3   | HP: 13/319 [bennu (10)]
115583 | Tomb:3   | HP: 3/319 [greater mummy/divine providence (14)]
115583 | Tomb:3   | Killed from afar by Khufu

Illustrated notes

Levels and vault maps discovered:
D:1:      roderic_crossed_star, layout_basic
D:2:      lemuel_upstairs_altar, layout_basic, gammafunk_temple_overflow_wave
D:3:      layout_loops_corners, lemuel_coloured_pillars_altar,
          nicolae_overflow_crystal_walls, first_ration, minmay_circle_x,
          uniq_terence
D:4:      layout_cave_pools, nicolae_ru_great_annihilating_truth,
          minmay_temple_entry_trees, uniq_robin, uniq_duvessa
D:5:      layout_cave_pods, old_standard_altar, lemuel_crystal_altar,
          lemuel_round_altar
D:6:      minmay_polygon_palace, layout_basic, okawaru_metal_pillars_1_2,
          basic_altar, uniq_eustachio, uniq_maggie
D:7:      layout_rooms, grunt_qazlal_clouds, marbit_many_paths, bloody_makhleb,
          serial_shops, kennysheep_mini_moat, nicolae_shop_statue_plus,
          nicolae_shop_behind_doors, shop, serial_co_window_serial,
          co_window_cross_1, co_window_of_opportunity_a, co_window_paths_a,
          co_window_corner_a, co_window_paths_b, co_window_broadway_a,
          co_window_broadway_b, co_window_broadway_a, co_window_broadway_a,
          co_window_corner_cb, glass_columns_a, glass_columns_a,
          glass_columns_a, glass_columns_a
D:8:      layout_loops_ring, lemuel_round_altar, serial_shops, shop_fountains,
          hangedman_ranch [blue_anna_fruit_fields],
          chequers_serial_rivers_large_b, uniq_pikel, uniq_grum,
          uniq_prince_ribbit1
D:9:      layout_gridville, minmay_fractal_squares_5, uniq_erolcha
D:10:     layout_cave_pools, erik_orc_4, serial_park, hex_medium,
          mrwooster_statue_mirror
D:11:     layout_basic, lair_entry_dummy, serial_shops,
          nicolae_shop_behind_doors, shop, shop
D:12:     layout_basic, fedhas_bush_and_centaur_altar
D:13:     layout_roguey, erik_vaults_2, serial_shops, nicolae_shop_trees,
          uniq_rupert
D:14:     layout_irregular_city, evilmike_ruin_ashenzari
D:15:     gammafunk_depths_entry_grave, layout_irregular_city,
          minmay_misc_feat_chi
Lair:1:   kb_forest_paths, layout_chaotic_city, gammafunk_ghost_arena,
          basic_altar
Lair:2:   layout_cave_shapes, guppyfry_snake_entry_island,
          nicolae_volcano_entry_vermiform
Lair:3:   layout_cave_pods, minmay_shoals_entry_hut
Lair:4:   layout_hall_layers, serial_bayou_shore_b, grunt_megastairs_3
Lair:5:   layout_long_grid, minmay_slime_entry_pillars, minmay_lair_drake_nest,
          lemuel_fruit_tree, infiniplex_staircase_pool
Lair:6:   evilmike_catoblepas_cave, layout_loops_ring,
          kennysheep_abandoned_house, serial_bayou_shore_b, grunt_megastairs_2,
          serial_bayou_shore_a, uniq_nessos, uniq_kirke
Shoals:1: layout_shoals
Shoals:2: layout_shoals
Shoals:3: layout_shoals
Shoals:4: shoals_end_hangedman, layout_shoals, hangedman_shoals_cup_caves,
          uniq_polyphemus
Snake:1:  layout_chambers
Snake:2:  layout_onion_interference, drop_trap, serial_bayou_shore_b
Snake:3:  layout_basic
Snake:4:  grunt_snake_rune_spirals, layout_onion, ebering_ghost_reflecting_pool,
          st_stairs_6
Slime:1:  layout_caves
Slime:2:  layout_caves
Slime:3:  layout_caves
Slime:4:  layout_caves
Slime:5
Orc:1:    layout_diamond_mine, serial_shops, shop
Orc:2:    st_orc_town, layout_caves
Elf:1:    eino_elf_arrival_sip, layout_loops_cross, serial_shops, statue_bzr,
          minivault_28, sword_in_stone, minmay_shop_star
Elf:2:    layout_loops_cross, uniq_azrael
Elf:3:    minmay_elf_hall_dome, layout_rooms
Vaults:1: gammafunk_vaults_ghost_tricky_traps,
          nicolae_vaults_stairing_the_circle, nicolae_vaults_border_crossing,
          vaults_room_octagon, grunt_vaults_trifunnel, v_misc_3,
          nicolae_vaults_alarming, v_pattern_3, v_misc_22,
          layout_vaults_chaotic_city, basic_altar
Vaults:2: nicolae_vaults_bisected_slash, dpeg_vaults_monster_row,
          nicolae_vaults_hallways_thing, nicolae_vaults_shelves_hall,
          nicolae_vaults_ring_of_whatevers, dpeg_vaults_monster_box,
          grunt_vaults_funnel, vaults_dpeg_cross, st_diamondy,
          nicolae_vaults_disjoint_gnomons, v_misc_23,
          ontoclasm_vaults_ring_large, v_misc_14, vaults_room_grid,
          hangedman_vaults_nodes, layout_vaults_omnibox, enter_trove_1
Vaults:3: vaults_room_corners, minmay_crypt_entry_simple_statues,
          vaults_room_hallway, v_alt_pattern_5, vaults_room_corners, v_misc_22,
          ontoclasm_vaults_fault, vaults_standard_mumra_enter_the_diamond,
          vaults_mumra_chevron, nicolae_vaults_network_square,
          hangedman_vaults_maws, vaults_room_door_ring, st_check,
          vaults_room_door_ring, layout_vaults_maze_bifur, serial_shops,
          bzr_entry_safe, uniq_aizul, uniq_xtahua
Vaults:4: vaults_room_fours, v_misc_5, vaults_mumra_chevron_long, v_rooms_6,
          nicolae_vaults_specimen_jars, ontoclasm_vaults_pinch,
          hangedman_vaults_trim, hangedman_vaults_corner, v_misc_10,
          hangedman_vaults_corner_blocks, nicolae_vaults_asterisk,
          v_alt_pattern_4, ontoclasm_vaults_loading_screen,
          layout_vaults_omnicross
Vaults:5: serial_shops
Crypt:1:  layout_basic, infiniplex_enter_wizlab_water, due_unseen_surprise
Crypt:2:  layout_gridlike, basic_altar
Crypt:3:  lightli_unholy_cathedral, layout_chaotic_city,
          nicolae_tomb_entry_rubble_hallway, basic_altar, grunt_ministairs_2,
          uniq_jory
Tomb:1
Tomb:2
Tomb:3:   uniq_khufu
Depths:1: layout_cave_pools, grunt_hell_entry_dis_mu, minmay_room_of_horrors,
          kennysheep_flooded_box, grunt_ministairs_2, minmay_metal_thing,
          firewood_loft
Depths:2: lemuel_traditional_vault, layout_gridlike, serial_sigils,
          serial_sigils_hangedman_scar, serial_sigils_hangedman_gnaw,
          serial_sigils_hangedman_carve, serial_sigils_hangedman_gut,
          serial_sigils_hangedman_snap, hangedman_coc_ice_floe,
          minmay_misc_feat_doors, serial_bayou_pond_b, minmay_misc_feat_plants,
          uniq_saint_roka, uniq_mara, uniq_asterion
Depths:3: grunt_twisty_corner, layout_basic, hangedman_abyss_or_decor_stabs,
          lightli_too_deep, serial_shops, nicolae_shop_window_shopping,
          rand_demon_pan_entry_5, drop_trap, minmay_shoptagon
Depths:4: minmay_split_circle, layout_long_grid, serial_glass, glass_columns_a,
          glass_columns_a, due_unseen_surprise, item_on_display_b, abyss_entry,
          cheibriados_altar_1, hell_entry, serial_sigils_hangedman_gut,
          evilmike_spriggan_trog_shrine
Depths:5: grunt_x_marks_the_spot, layout_cave_shapes, enter_ziggurat_e,
          hell_entry, minmay_misc_feat_roman, serial_bayou_pond_a, st_stairs_1,
          kennysheep_random_hallway
Hell
Dis:1:    layout_overlapping_boxes, hangedman_dis_chains
Dis:2:    layout_subdivisions, hangedman_dis_decor_blocks_talon,
          nrook_loot_triangle
Dis:3:    layout_regular_city
Dis:4:    layout_jigsaw
Dis:5:    hangedman_dis_monolith, layout_regular_city, door_vault
Dis:6:    layout_overlapping_boxes, lemuel_elevator
Dis:7:    iron_city_of_dis [dis_old, dis_wall_1], layout_chaotic_city
Geh:1:    layout_gehenna_pools_box, grunt_megastairs_4
Geh:2:    layout_gehenna_pools_basic
Geh:3:    layout_gehenna_pools_triple
Geh:4:    layout_gehenna_lava_caves
Geh:5:    layout_gehenna_lava_caves, nicolae_geh_lava_in_the_way
Geh:6:    layout_gehenna_pools_triple
Geh:7:    geh_grunt_pentagon
Coc:1:    layout_ice_bergs
Coc:2:    layout_cocytus_water_paths
Coc:3:    layout_ice_bergs
Coc:4:    layout_cocytus_water_paths
Coc:5:    layout_cocytus_water_paths
Coc:6:    layout_cocytus_water_paths
Coc:7:    coc_grunt
Tar:1:    layout_cathedral_of_symmetry, nicolae_tar_cuneiform_three,
          grunt_megastairs_1
Tar:2:    layout_cathedral_of_symmetry, nicolae_tar_cuneiform_sun
Tar:3:    layout_grid_maze
Tar:4:    layout_cathedral_of_symmetry, not_door_vault_mu
Tar:5:    layout_grid_maze, nicolae_tar_cuneiform_heaven
Tar:6:    layout_honeycomb
Tar:7:    tar_old
Zot:1:    layout_cathedral_of_symmetry
Zot:2:    kennysheep_blocky_room, layout_concentric_octagons
Zot:3:    layout_basic
Zot:4:    layout_cathedral_of_symmetry
Zot:5:    layout_twisted_circle

Skill      XL: |  1  2  3  4  5  6  7  8  9 10 11 12 13 14 15 16 17 18 19 20 21 22 23 24 25 26 27 |
---------------+----------------------------------------------------------------------------------+-----
Stealth        | 3 4 7 |  7.0
Fighting       | 1 2 4 5 6 7 8 10 12 13 15 16 17 18 19 20 27 | 27.0
Poison Magic   | 4 5 6 8 9 10 11 12 | 12.0
Fire Magic     | 1 2 3 5 6 9 11 13 14 15 16 17 18 19 20 27 | 27.0
Transmutations | 2 3 4 5 8 |  8.0
Dodging        | 3 4 5 6 7 8 10 11 12 21 | 21.9
Spellcasting   | 3 4 5 6 8 9 10 11 13 15 16 17 18 19 20 27 | 27.0
Shields        | 4 |  4.0
Air Magic      | 3 5 27 | 27.0
Evocations     | 4 5 7 9 11 12 27 | 27.0
Earth Magic    | 4 6 10 13 | 13.7
Conjurations   | 3 7 10 11 12 14 15 17 | 17.0
Unarmed Combat | 5 7 23 | 23.7
Translocations | 2 6 16 | 16.0
Ice Magic      | 20 | 20.0

Action                   |  1- 3 |  4- 6 |  7- 9 | 10-12 | 13-15 | 16-18 | 19-21 | 22-24 | 25-27 || total
-------------------------+-------+-------+-------+-------+-------+-------+-------+-------+-------++-------
Melee: Dagger            |    25 |    57 |       |   201 |   212 |   230 |   224 |   389 |   159 ||  1497
       Tentacles         |     4 |    11 |    23 |    31 |    46 |    57 |    45 |   112 |   877 ||  1206
       Constrict         |     7 |    17 |    26 |    40 |    33 |    42 |    39 |    47 |   595 ||   846
       Unarmed           |     1 |       |       |       |       |       |    10 |   201 |  4162 ||  4374
       Short sword       |       |     1 |    67 |     3 |       |       |       |       |       ||    71
       Spear             |       |       |    80 |    48 |    19 |    20 |       |       |       ||   167
       Punch             |       |       |       |       |       |       |       |    22 |   517 ||   539
       Kick              |       |       |       |       |       |       |       |    57 |  1308 ||  1365
       Staff             |       |       |       |       |       |       |       |    31 |   223 ||   254
 Cast: Sting             |    31 |    41 |     1 |       |       |       |       |       |       ||    73
       Poisonous Vapours |       |    32 |    79 |   100 |   111 |   202 |   178 |    37 |    34 ||   773
       Ignite Poison     |       |       |    12 |    47 |    87 |   156 |    66 |    14 |    15 ||   397
       Mephitic Cloud    |       |       |     8 |    25 |    25 |    47 |    21 |       |       ||   126
       Olgreb's Toxic Ra |       |       |     9 |    50 |    99 |   119 |    39 |    10 |    25 ||   351
       Fireball          |       |       |       |    16 |    42 |    35 |    12 |       |       ||   105
       Airstrike         |       |       |       |    10 |   106 |   268 |    88 |   160 |    66 ||   698
       Bolt of Magma     |       |       |       |       |       |    45 |   118 |    23 |    25 ||   211
       Ignition          |       |       |       |       |       |       |   113 |   181 |   673 ||   967
       Iron Shot         |       |       |       |       |       |       |    41 |    34 |    87 ||   162
       Statue Form       |       |       |       |       |       |       |     6 |    57 |   391 ||   454
       Fire Storm        |       |       |       |       |       |       |       |    13 |   189 ||   202
       Absolute Zero     |       |       |       |       |       |       |       |       |   185 ||   185
       Apportation       |       |       |       |       |       |       |       |       |    24 ||    24
       Lehudib's Crystal |       |       |       |       |       |       |       |       |    19 ||    19
       Controlled Blink  |       |       |       |       |       |       |       |       |    16 ||    16
       Tornado           |       |       |       |       |       |       |       |       |     7 ||     7
 Abil: Evoke Flight      |       |       |       |       |       |       |       |     3 |       ||     3
       End Transformatio |       |       |       |       |       |       |       |     1 |     1 ||     2
Evoke: Wand              |       |       |       |       |     2 |     7 |     4 |       |     8 ||    21
       Tin of tremorston |       |       |       |       |     1 |     3 |       |       |     2 ||     6
       Box of beasts     |       |       |       |       |       |     2 |       |       |       ||     2
       Staff of Wucad Mu |       |       |       |       |       |       |       |     2 |   160 ||   162
       Staff of energy   |       |       |       |       |       |       |       |       |     1 ||     1
  Use: Scroll            |     3 |     1 |     9 |    10 |     8 |     6 |     6 |    10 |    71 ||   124
       Potion            |       |       |     1 |       |       |     1 |       |     3 |    31 ||    36
 Stab: Sleeping          |     6 |     4 |     2 |     9 |     5 |     7 |     9 |     7 |    28 ||    77
       Confused          |       |       |     1 |       |     2 |     3 |       |       |       ||     6
       Distracted        |       |       |       |       |     4 |       |     1 |     2 |    22 ||    29
       Paralysed         |       |       |       |       |     2 |     6 |       |       |       ||     8
  Eat: Chunk             |     4 |     7 |    19 |    26 |    27 |    17 |    46 |    11 |     6 ||   163
       Ration            |       |     1 |     1 |     2 |     5 |    13 |    12 |    17 |    59 ||   110
Armor: Skin              |     5 |     5 |    32 |    56 |    60 |   103 |    77 |   491 |  3536 ||  4365
Dodge: Dodged            |    19 |    59 |    87 |   194 |   227 |   420 |   340 |   763 |  8671 || 10780
Block: Buckler           |       |       |       |    59 |    76 |   129 |    84 |   193 |  2091 ||  2632
